 Dungeon Crawl Stone Soup version 0.31-a0-963-ga325b2283a (webtiles) character file.

Game seed: 14585886809471890217

2373555 MackTheKnife the Conqueror (level 26, 259/259 (266) HPs)
             Began as a Grey Draconian Cinder Acolyte on Oct 24, 2023.
             Was the Champion of Jiyva.
             Escaped with the Orb
             ... and 4 runes on Oct 25, 2023!
             The game lasted 02:55:28 (66382 turns).

MackTheKnife the Conqueror (DrCA)                  Turns: 66382, Time: 02:55:29

HP:   259/259 (266) AC: 22    Str: 20    XL:     26   Next: 8%
MP:   29/29         EV: 27    Int: 19    God:    Jiyva [******]
Gold: 1909          SH: 20    Dex: 20    Spells: 7/45 levels left

rFire   + . .        b - +7 eveningstar (flame) {mace}
rCold   + + .        L - +4 kite shield
rNeg    + . .        (body armour unavailable)
rPois   +            i - +1 hat of Heteapn {Str+3 Slay-2 SInv}
rElec   +            T - scarf {repulsion}
rCorr   +            I - +2 pair of gloves {infuse}
SInv    +            Y - +0 pair of boots of Somewhere Else {Rampage rPois Will+ Slay+3}
Will    +++++        K - amulet of the Four Winds {rN+ Will+++ Clar}
Stlth   ++           H - ring "Gaecul" {Wiz Drain rF+ rC++ SInv}
HPRegen 2.23/turn    S - ring of Ymmyl {rElec rCorr Int+2 Dex+6}
MPRegen 0.71/turn

%: repel missiles, clarity, rampage, wizardry (x1), infuse magic (1 MP)
@: studying Unarmed Combat, lightly drained
A: AC +17, amphibious, unfitting armour, cold-blooded, horns 1, talons 1,
berserk 1, deterioration 1, low MP 2, weak 1, acidic bite, eyeballs 3,
pseudopods 1, evolution 1
0: Orb of Zot
}: 4/15 runes: serpentine, barnacled, slimy, silver
a: Renounce Religion, Oozemancy, Slimify


You escaped.
You worshipped Jiyva.
Jiyva was exalted by your worship.
You visited 11 branches of the dungeon, and saw 53 of its levels.
You visited the Abyss 1 time.
You also visited: Bailey, Gauntlet, Ice Cave and Volcano.

You collected 5489 gold pieces.
You spent 3580 gold pieces at shops.


Innate Abilities, Weirdness & Mutations

Your dull iron-grey scales are very hard. (AC +17)
You are amphibious.
You cannot fit into any form of body armour.
You are cold-blooded and may be slowed by cold attacks.
You have a pair of small horns on your head.
You have sharp toenails.
You sometimes lose your temper in combat.
Your body sometimes deteriorates upon taking damage.
Your magical capacity is very low. (-20% MP)
You are weak. (Str -2)
You have acidic saliva.
Your body is covered in eyes which may confuse attackers. (Acc +7, SInv)
Armour fits poorly on your pseudopods.
You have hidden genetic potential.


   Skills:
 O Level 27 Fighting
 - Level 16.0(18.0) Axes
 - Level 14.0(17.0) Maces & Flails
 + Level 20.5 Dodging
 - Level 8.0 Stealth
 - Level 18.0 Shields
 - Level 10.0 Spellcasting
 - Level 5.0 Hexes
 - Level 14.0 Necromancy
 - Level 12.0 Translocations
 - Level 4.0 Transmutations
 - Level 5.0 Fire Magic
 - Level 10.0 Earth Magic
 - Level 8.0 Evocations


You had 7 spell levels left.
You knew the following spells:

 Your Spells              Type           Power      Damage    Failure   Level
a - Wereblood             Tmut           24%        N/A       1%          2
b - Borgnjor's Vile Clut  Necr/Erth      26%        N/A       1%          5
c - Manifold Assault      Tloc           53%        N/A       1%          4
d - Animate Dead          Necr           58%        N/A       1%          4
e - Apportation           Tloc           100%       N/A       1%          1
f - Death Channel         Necr           29%        N/A       1%          6
g - Anguish               Hex/Necr       22%        N/A       1%          4
h - Dispersal             Tloc           26%        N/A       4%          6
i - Blink                 Tloc           100%       N/A       1%          2
j - Vhi's Electric Charg  Tloc/Air       64%        N/A       3%          4

Your spell library contained the following spells:

 Spells                   Type           Power      Damage    Failure   Level
 Foxfire                  Conj/Fire      76%        2x1d7     1%          1
 Kiss of Death            Conj/Necr      100%       2d13      1%          1
 Necrotise                Necr           100%       1d9       1%          1
 Sandblast                Erth           94%        2d19      1%          1
 Cigotuvi's Dreadful Rot  Necr/Pois/Air  54%        N/A       1%          2
 Lesser Beckoning         Tloc           100%       N/A       1%          2
 Momentum Strike          Conj/Tloc      64%        3d9       1%          2
 Passwall                 Tmut/Erth      30%        N/A       1%          2
 Scorch                   Fire           56%        2d7       1%          2
 Sublimation of Blood     Necr           58%        N/A       1%          2
 Confusing Touch          Hex            28%        N/A       1%          3
 Stone Arrow              Conj/Erth      56%        3d10      1%          3
 Tukima's Dance           Hex            28%        N/A       1%          3
 Vampiric Draining        Necr           58%        2d10      1%          3
 Volatile Blastmotes      Fire/Tloc      82%        2d16      1%          3
 Dimensional Bullseye     Hex/Tloc       20%        N/A       1%          4
 Dispel Undead            Necr           58%        3d21      1%          4
 Leda's Liquefaction      Hex/Erth       19%        N/A       1%          4
 Agony                    Necr           58%        N/A       1%          5
 Ensorcelled Hibernation  Hex/Ice        38%        N/A       2%          2
 Petrify                  Tmut/Erth      36%        N/A       2%          4
 Iskenderun's Mystic Bla  Conj/Tloc      32%        2d8       3%          4
 Shock                    Conj/Air       36%        1d5       4%          1
 Summon Small Mammal      Summ           36%        N/A       4%          1
 Dazzling Flash           Conj/Hex       38%        N/A       4%          3
 Summon Guardian Golem    Hex/Summ       19%        N/A       4%          3
 Brom's Barrelling Bould  Conj/Erth      28%        2d5       5%          4
 Cause Fear               Hex            14%        N/A       5%          4
 Poisonous Vapours        Pois/Air       18%        N/A       6%          2
 Summon Forest            Summ/Tloc      16%        N/A       10%         5
 Hailstorm                Conj/Ice       9%         3d4       12%         3
 Mephitic Cloud           Conj/Pois/Air  9%         N/A       12%         3
 Ozocubu's Armour         Ice            9%         N/A       12%         3
 Swiftness                Air            9%         N/A       12%         3
 Flame Wave               Conj/Fire      19%        2d7       16%         4
 Fulminant Prism          Conj/Hex       9%         3d7       16%         4
 Simulacrum               Ice/Necr       18%        N/A       32%         6
 Airstrike                Air            4%         2d(1-17)  38%         4
 Olgreb's Toxic Radiance  Pois           9%         N/A       38%         4
 Summon Ice Beast         Ice/Summ       9%         N/A       38%         4
 Summon Lightning Spire   Summ/Air       9%         N/A       38%         4
 Fireball                 Conj/Fire      9%         3d6       38%         5
 Metabolic Englaciation   Hex/Ice        9%         N/A       38%         5
 Summon Mana Viper        Hex/Summ       19%        N/A       38%         5
 Alistair's Intoxication  Tmut/Pois      11%        N/A       43%         5
 Irradiate                Conj/Tmut      8%         3d14      43%         5
 Arcjolt                  Conj/Air       4%         1d14      71%         5
 Freezing Cloud           Conj/Ice/Air   4%         6-21      71%         5
 Iskenderun's Battlesphe  Conj           9%         2d6       71%         5
 Haunt                    Necr/Summ      18%        N/A       86%         7
 Plasma Beam              Fire/Air       9%         2x1d20    89%         6
 Starburst                Conj/Fire      9%         6d5       89%         6
 Eringya's Noxious Bog    Tmut/Pois      8%         4d6       93%         6
 Enfeeble                 Hex            14%        N/A       98%         7
 Summon Cactus Giant      Summ           4%         N/A       99%         6
 Orb of Destruction       Conj           4%         9d5       100%        7
 Ozocubu's Refrigeration  Ice            4%         4d8       100%        7
 Spellforged Servitor     Conj/Summ      4%         N/A       100%        7
 Infestation              Necr           29%        N/A       61%         8
 Disjunction              Tloc           26%        N/A       86%         8
 Discord                  Hex            14%        N/A       100%        8
 Ignition                 Fire           14%        3d6       100%        8
 Lehudib's Crystal Spear  Conj/Erth      14%        10d5      100%        8
 Summon Horrible Things   Summ           4%         N/A       100%        8
 Fire Storm               Conj/Fire      9%         8d3       100%        9
 Polar Vortex             Ice            4%         N/A       100%        9
 Animate Armour           Summ/Erth      Unusable   N/A       N/A         4

Inventory:

Hand Weapons
 a - a +1 vampiric broad axe {axe}
   (You took it off a vault warden on level 2 of the Vaults)
 b - a +7 eveningstar of flaming (weapon) {mace}
   (You took it off Zenata on level 2 of the Elven Halls)
Missiles
 w - 6 curare-tipped darts {=fthrowing}
Armour
 f - the +0 pair of boots "Moaq" {rElec Will+}
   (You acquired it on level 7 of the Dungeon)

   rElec:     It insulates you from electricity.
   Will+:     It increases your willpower.
 i - the +1 hat of Heteapn (worn) {Str+3 Slay-2 SInv}
   (You found it in an ice cave)

   Str+3:     It affects your strength (+3).
   Slay-2:    It affects your accuracy & damage with ranged weapons and melee
   (-2).
   SInv:      It lets you see invisible.
 I - a +2 pair of gloves of infusion (worn)
   (You found it in a bailey)
 L - a +4 kite shield (worn)
   (You took it off a vault warden on level 1 of the Vaults)
 T - a scarf of repulsion (worn)
   (You bought it in a shop on level 2 of the Orcish Mines)
 Y - the +0 pair of boots of Somewhere Else (worn) {Rampage rPois Will+ Slay+3}
   (You found it on level 15 of the Dungeon)

   Slay+3:    It affects your accuracy & damage with ranged weapons and melee
   (+3).
   rPois:     It protects you from poison Will+: It increases your willpower.
   Rampage:   It bestows one free step when moving towards enemies.
Jewellery
 n - the ring "Uwaompoo" {Fly rC+ Str+3}
   (You took it off a spriggan defender on level 3 of the Depths)

   [ring of flight]

   Str+3:     It affects your strength (+3).
   rC+:       It protects you from cold.
   Fly:       It grants you flight.
 C - a ring of resist corrosion
   (You took it off a vault sentinel on level 4 of the Vaults)
 H - the ring "Gaecul" (left hand) {Wiz Drain rF+ rC++ SInv}
   (You acquired it on level 3 of the Lair of Beasts)

   [ring of wizardry]

   Wiz:       It improves your spell success rate.
   rF+:       It protects you from fire.
   rC++:      It greatly protects you from cold.
   SInv:      It lets you see invisible.
   Drain:     It drains your maximum health when unequipped.
 J - an amulet of faith {!P}
   (You took it off a hell knight on level 3 of the Depths)
 K - the amulet of the Four Winds (around neck) {rN+ Will+++ Clar}
   (You found it on level 5 of the Vaults)

   [amulet of nothing]

   rN+:       It protects you from negative energy.
   Will+++:   It greatly increases your willpower.
   Clar:      It protects you from confusion, rage, mesmerisation and fear.
 S - the ring of Ymmyl (right hand) {rElec rCorr Int+2 Dex+6}
   (You found it in a Gauntlet)

   [ring of dexterity]

   Int+2:     It affects your intelligence (+2).
   Dex+6:     It affects your dexterity (+6).
   rElec:     It insulates you from electricity.
   rCorr:     It protects you from acid and corrosion.
 U - the ring of Pakousee {rPois rC+ Int+2}
   (You bought it in a shop on level 2 of the Orcish Mines)

   [ring of poison resistance]

   Int+2:     It affects your intelligence (+2).
   rC+:       It protects you from cold.
   rPois:     It protects you from poison
Wands
 e - a wand of flame (59)
   (You took it off a gnoll on level 5 of the Dungeon)
 o - a wand of mindburst (27)
   (You found it on level 12 of the Dungeon)
 v - a wand of polymorph (10)
   (You found it on level 3 of the Elven Halls)
 y - a wand of charming (26)
   (You found it on level 4 of the Dungeon)
 W - a wand of quicksilver (14)
   (You found it on level 13 of the Dungeon)
Scrolls
 h - 5 scrolls of fear
 k - 9 scrolls of teleportation {@r4}
 u - 4 scrolls of fog
 x - 6 scrolls of blinking {!r}
 z - 2 scrolls of silence {!r}
 A - 2 scrolls of amnesia
 P - 2 scrolls of poison {!r}
Potions
 c - 7 potions of resistance
 l - 10 potions of curing {@q1}
 p - 6 potions of heal wounds {@q2}
 q - 5 potions of haste {@q3}
 r - 7 potions of enlightenment
 B - a potion of might
 D - 3 potions of cancellation
 E - 3 potions of brilliance
 N - a potion of invisibility
 O - 3 potions of magic
 X - a potion of berserk rage {!q}
Miscellaneous
 d - a box of beasts
   (You found it on level 3 of the Vaults)
 j - a phial of floods
   (You found it on level 3 of the Vaults)
 m - a lightning rod (4/4)
   (You found it in a Gauntlet)
 R - a condenser vane
   (You found it in a Gauntlet)

Dungeon Overview and Level Annotations

Branches:
Dungeon (15/15)            Temple (1/1) D:4            Lair (5/5) D:9
 Shoals (4/4) Lair:3        Snake (4/4) Lair:3        Slime (5/5) Lair:4
    Orc (2/2) D:12            Elf (3/3) Orc:2        Vaults (5/5) D:14
  Crypt (0/3) Vaults:2     Depths (4/4) D:15            Zot (5/5) Depths:4
 Bailey (visited)           IceCv (visited)         Volcano (visited)
Gauntlet (visited)

Altars:
Ashenzari
Cheibriados
Dithmenos
Elyvilon
Fedhas
Gozag
Hepliaklqana
Kikubaaqudgha
Makhleb
Nemelex Xobeh
Okawaru
Ru
Sif Muna
Trog
Uskayaw
Vehumet
Wu Jian
Xom
Yredelemnul
Zin
The Shining One
Jiyva
Lugonu

Shops:
D:14 ?   Orc:2 :=[:   Elf:2 (*   Elf:3 (?   Vaults:2 (   Vaults:3 =
Vaults:4 =   Depths:4 *

Portals:
Hell: Depths:1 Depths:2 Depths:3 Depths:4
Abyss: Shoals:2 Depths:2 Depths:3
Pandemonium: Depths:2
Ziggurat: Depths:4

Annotations:
D:6 exclusion: 3 doors, Eustachio
D:10 exclusions: boulder beetle and centaur warrior
Lair:3 exclusion: oklob plant
Lair:5 exclusion: oklob plant
Shoals:2 1 runed translucent door
Slime:5 Royal Jelly

#.####.########.##### #^#...
#.#.................# #.####
#.#.#######'#######.# #.#..#
#.#.#......2......#.# #.#..#
#.#.#.#####.#####.#.# #.#...
#.#.#.#.........#.#.# #.##)#
#.#.#.#.###.###.#.#.###....#
#.#.#.#.#.....#.#.#.#...####
#...#...#..@..#...#...###...
#.#.#.#.#.....#.#.#.### #...
#.#.#.#.###.###.#.#.# #...
#.#.#.#.........#.#.# ####
#.#.#.###########.#.#
#.#.#.............#.#
#.#.#######+#######.#
#.#.................#
#.#####.########.####


You could see a blizzard demon.


Message History

You kill the hell hound! 😎 MP[-1]
You lost 1 mp, and now have 28/29 mp.
You rampage towards the hell hound!
You thump the hell hound!
You tail-slap the hell hound, but do no damage.
You bite the hell hound.
The acid corrodes the hell hound!
You block the hell hound's attack.
The eyeballs on your body gaze at the hell hound.
You catch the helpless hell hound completely off-guard!
You impale the hell hound!!
You kill the hell hound! 😎 MP[-1]
You lost 1 mp, and now have 27/29 mp.
No target in view!
What level of the Dungeon? (default 1, ? - help)
You hear a distant slurping noise.
You see here a +0 club {mace}.
Items here: ))) [.
You see here a +0 short sword {short}.
There is a stone staircase leading up here.
You climb upwards.
Level annotation: exclusion: 3 doors, Eustachio
There is a stone staircase leading down here.
There is a stone staircase leading up here.
You climb upwards.
There is a stone staircase leading down here.
Things that are here:
a +0 ring mail; a +0 club {mace} A golden eye comes into view.
There is a stone staircase leading up here. 😎 MP[+2]
Your mp is fully restored (29).
The golden eye stares at you suspiciously for a moment, then relaxes.
You climb upwards.
There is a stone staircase leading down here.
What level of the Dungeon? (default 1, ? - help)
There is a stone staircase leading up here.
Things that are here:
a +0 leather armour; a +0 club {mace} You climb upwards.
There is a stone staircase leading down here.
There is a stone staircase leading up here.
You climb upwards.
You hear a series of splatters.
There is a stone staircase leading down here.
You see here a +0 dagger {short}.
There is an escape hatch in the ceiling here.
There is a stone staircase leading up here.
You climb upwards.
There is a stone staircase leading down here.
An Orb Guardian comes into view.
You hit the Orb Guardian. You burn the Orb Guardian.
You headbutt the Orb Guardian.
Your tail-slap misses the Orb Guardian.
You bludgeon the Orb Guardian, but do no damage.
You block the Orb Guardian's attack. 😎 MP[-1]
You lost 1 mp, and now have 28/29 mp.
You impale the Orb Guardian!! You burn the Orb Guardian!
You headbutt the Orb Guardian.
You bludgeon the Orb Guardian, but do no damage.
You block the Orb Guardian's attack.
You impale the Orb Guardian!! You burn the Orb Guardian.
You bludgeon the Orb Guardian, but do no damage.
You block the Orb Guardian's attack. 😎 MP[-1]
You lost 1 mp, and now have 27/29 mp.
You closely miss the Orb Guardian. You tail-slap the Orb Guardian.
You bludgeon the Orb Guardian, but do no damage.
The Orb Guardian completely misses you. 😎 MP[+1]
You impale the Orb Guardian!! You burn the Orb Guardian.
You kill the Orb Guardian! 😕 MP[-1]
You now have 258 max hp (+2).
You lost 1 mp, and now have 27/29 mp.
A blizzard demon comes into view. 😎 HP[+2] MP[+2]
Your hp is fully restored (258).
Your mp is fully restored (29).
There is an open door here.
Aiming: Dig
Press: ? - help, Shift-Dir - straight line A rock wall.
This square is covered in magical glow.
The rock shatters into small pieces.
The now-empty wand crumbles to dust.
A blizzard demon comes into view.
You rampage towards the blizzard demon!
The blizzard demon closely misses you.
The blizzard demon completely misses you.
You impale the blizzard demon!! You burn the blizzard demon!
You tail-slap the blizzard demon.
You bludgeon the blizzard demon, but do no damage. 😎 MP[-1]
You lost 1 mp, and now have 28/29 mp.
You bludgeon the blizzard demon!! You burn the blizzard demon!!
You kill the blizzard demon!
You now have 259 max hp (+1). 😎 HP[+1]
Your hp is fully restored (259). 😎 MP[+1]
Your mp is fully restored (29).
There is a staircase leading out of the dungeon here.
You have escaped!

Skill      XL: |  1  2  3  4  5  6  7  8  9 10 11 12 13 14 15 16 17 18 19 20 21 22 23 24 25 |
---------------+----------------------------------------------------------------------------+-----
Stealth        | 1 2 8 |  8.0
Spellcasting   | 2 6 10 | 10.0
Fire Magic     | 5 |  5.0
Fighting       | 4 7 8 10 11 12 14 16 17 18 20 22 23 27 | 27.0
Maces & Flails | 5 7 8 9 12 14 | 14.0
Evocations     | 4 8 |  8.0
Dodging        | 4 5 8 10 12 14 16 18 20 | 20.5
Shields        | 4 5 10 12 14 15 18 | 18.0
Translocations | 8 10 12 | 12.0
Necromancy     | 6 10 12 13 14 | 14.0
Hexes          | 2 5 |  5.0
Axes           | 9 16 | 16.0
Earth Magic    | 3 8 10 | 10.0
Transmutations | 2 4 |  4.0

Action                     |  1- 3 |  4- 6 |  7- 9 | 10-12 | 13-15 | 16-18 | 19-21 | 22-24 | 25-27 || total
---------------------------+-------+-------+-------+-------+-------+-------+-------+-------+-------++-------
  Melee: Mace              |    38 |    22 |       |       |       |       |       |       |       ||    60
         Tailslap          |     6 |     1 |    23 |   101 |   174 |   180 |   290 |   386 |   120 ||  1281
         Flail             |       |     8 |   182 |   698 |  1199 |  1196 |       |       |       ||  3283
         Punch             |       |     1 |     2 |       |       |       |       |       |       ||     3
         Falchion          |       |       |     4 |       |       |       |       |       |       ||     4
         Headbutt          |       |       |       |       |    27 |    84 |   392 |   540 |   158 ||  1201
         Pseudopods        |       |       |       |       |    93 |   226 |   407 |   554 |   154 ||  1434
         Kick              |       |       |       |       |    98 |   208 |    25 |   834 |    29 ||  1194
         War axe           |       |       |       |       |       |    93 |       |       |       ||    93
         Eveningstar       |       |       |       |       |       |    66 |   398 |   514 |   403 ||  1381
         Broad axe         |       |       |       |       |       |       |   853 |  1105 |    32 ||  1990
         Bite              |       |       |       |       |       |       |    69 |       |    59 ||   128
  Throw: Dart              |       |       |     4 |    13 |       |       |       |       |       ||    17
   Cast: Scorch            |    16 |    61 |    99 |   124 |    25 |       |       |       |       ||   325
         Foxfire           |       |       |    15 |    92 |   107 |       |       |       |       ||   214
         Manifold Assault  |       |       |       |       |   115 |   216 |    75 |    71 |    13 ||   490
         Animate Dead      |       |       |       |       |       |    12 |    14 |    18 |     8 ||    52
         Anguish           |       |       |       |       |       |    10 |    17 |    10 |     1 ||    38
         Apportation       |       |       |       |       |       |     4 |     5 |     2 |       ||    11
         Death Channel     |       |       |       |       |       |     6 |    26 |    28 |    10 ||    70
         Borgnjor's Vile C |       |       |       |       |       |       |     9 |    25 |    12 ||    46
         Wereblood         |       |       |       |       |       |       |     6 |    18 |     6 ||    30
         Vhi's Electric Ch |       |       |       |       |       |       |       |     5 |     4 ||     9
         Dispersal         |       |       |       |       |       |       |       |     1 |     1 ||     2
         Blink             |       |       |       |       |       |       |       |       |     1 ||     1
 Invoke: Foxfire Swarm     |     1 |       |     1 |     2 |     1 |       |       |       |       ||     5
         Fiery Armour      |       |       |       |     1 |     3 |       |       |       |       ||     4
         Slimify           |       |       |       |       |     1 |     1 |       |       |       ||     2
         Oozemancy         |       |       |       |       |       |     1 |     1 |     1 |     3 ||     6
  Evoke: Wand              |       |     5 |     3 |    14 |    27 |    22 |     1 |       |     2 ||    74
         Lightning rod     |       |       |       |       |     9 |    13 |     5 |     2 |       ||    29
         Condenser vane    |       |       |       |       |     2 |     3 |     2 |     4 |     1 ||    12
         Box of beasts     |       |       |       |       |       |       |       |     4 |     1 ||     5
         Phial of floods   |       |       |       |       |       |       |       |       |     1 ||     1
    Use: Potion            |     2 |       |       |     2 |     7 |     1 |       |     3 |    12 ||    27
         Scroll            |       |     6 |     4 |     7 |    12 |    15 |     5 |    11 |     4 ||    64
   Stab: Sleeping          |       |       |       |     1 |     2 |     4 |     7 |     1 |     1 ||    16
         Betrayed ally     |       |       |       |       |     2 |       |       |       |       ||     2
         Distracted        |       |       |       |       |     1 |     6 |    20 |    40 |    10 ||    77
         Confused          |       |       |       |       |       |     2 |    28 |     9 |     5 ||    44
 Armour: Skin              |    22 |    36 |   154 |   424 |   622 |   543 |   440 |   811 |   189 ||  3241
  Dodge: Dodged            |    22 |    24 |   131 |   433 |   856 |   633 |   471 |   888 |   208 ||  3666
         Repelled          |       |       |       |       |    15 |    43 |    15 |    54 |     7 ||   134
  Block: Kite shield       |       |       |     2 |     4 |   569 |   866 |   794 |  1248 |   297 ||  3780
         Buckler           |       |       |       |   196 |    61 |       |       |       |       ||   257
         Reflection        |       |       |       |     3 |       |    60 |    38 |    27 |       ||   128

Levels and vault maps discovered:
D:1:      matt_arrival_refuge, layout_basic
D:2:      layout_basic, uniq_jessica
D:3:      layout_loops_ring, pdpol_wu_jian_five_deadly_venoms,
          grunt_temple_overflow_diamond,
          shapermc_ecumenical_altar_starsandcircs, hangedman_feature_mirror
D:4:      black_bear_nest_1, layout_basic, minmay_temple_entry_glassed_door,
          nicolae_tricolors, uniq_edmund
D:5:      layout_loops_ring, fedhas_ov_isle_minmay
D:6:      layout_loops_corners, lemuel_tele_altar,
          mainiacjoe_overflow_cross_hatched,
          mainiacjoe_overflow_six_doors_small, hex_large,
          minmay_stone_trees_small, uniq_pikel, uniq_grinder, uniq_eustachio
D:7:      layout_loops_ring, led_sif_book, serial_glass, glass_columns_a,
          glass_columns_a
D:8:      minmay_octagon_keep, layout_loops_ring,
          regret_index_temple_of_mockery, nicolae_uskayaw_dance_hall,
          mainiacjoe_overflow_surrounded_room
D:9:      layout_loops_ring, lair_entry_dummy, enter_bailey_3
D:10:     minmay_the_grid_octo_triangle [minmay_the_grid_octo_teeth,
          minmay_the_grid_octo_prize_square_snowflake,
          minmay_the_grid_octo_checkerflower], layout_loops_corners,
          nicolae_ru_path_of_blood
D:11:     old_forge, layout_loops_ring, minmay_tree_intersection
D:12:     minmay_goldmine, layout_small_grid, minmay_orc_entry_guard_dogs,
          gauntlet_entry_generic
D:13:     layout_basic, minmay_fractal_squares_gapless_5
D:14:     layout_basic, skrybe_vaults_entry_preservation, serial_shops,
          kennysheep_little_box, kennysheep_decorative_pillar
D:15:     gammafunk_enter_depths_forms, layout_rooms,
          nicolae_figureground_sparkle, nicolae_burly_brawl
Temple:   nicolae_temple_ecumenical_triangle
Lair:1:   layout_chaotic_city, grunt_forest_small_clearings,
          lemuel_fruit_fields, serial_bayou_shore_a
Lair:2:   layout_small_grid, serial_bayou, serial_bayou_lagoon_a,
          serial_bayou_crossing, serial_bayou_shore_b, serial_bayou_pond_b,
          serial_bayou_pond_d, minivault_23, pdpol_lair_cavern_descent
Lair:3:   gammafunk_boulding_lane, layout_chaotic_city, minmay_shoals_entry_hut,
          guppyfry_snake_entry_island
Lair:4:   layout_gridlike, minmay_slime_entry_pillars,
          nicolae_volcano_entry_batcave
Lair:5:   cheibrodos_lair_end_hotspot, layout_gridlike,
          small_statue_intersection, serial_bayou_shore_b
Shoals:1: layout_shoals, nicolae_shoals_so_close
Shoals:2: layout_shoals, portal_ice_cave_entry_ice_simulacra,
          nicolae_shoals_abyss_on_the_beach
Shoals:3: layout_shoals, hangedman_shoal_volcano
Shoals:4: shoals_end_grunt_garden, layout_shoals
Snake:1:  layout_layer_cave, nicolae_triple_integral, uniq_mlioglotl
Snake:2:  layout_misc_corridors, basic_altar
Snake:3:  minmay_snake_river, layout_onion_interference, serial_bayou_shore_b,
          grunt_megastairs_5
Snake:4:  grunt_snake_rune_spirals, layout_onion, uniq_vashnia
Slime:1:  cheibrodos_slime_lost_civilization_8, layout_caves
Slime:2:  layout_caves, basic_altar, nicolae_slime_rock_hall_of_fame
Slime:3:  layout_caves, cheibrodos_slime_lost_civilization_6
Slime:4:  layout_caves, nicolae_slime_getting_an_eyeful
Slime:5:  slime_pit
Orc:1:    layout_caves, uniq_erica
Orc:2:    st_orc_town, layout_caves, basic_altar
Elf:1:    elf_arrival_002, layout_geoelf_diagonals, minmay_elf_crystal_hexagon
Elf:2:    elven_hall_of_blades_hangedman_original
          [nicolae_blade_entry_pointy_end], layout_gridlike, serial_shops, shop,
          gammafunk_ghost_ooze, basic_altar, small_statue_intersection,
          nicolae_shop_gadgets, uniq_zenata
Elf:3:    nooodl_elf_gasket, layout_rooms, corner_web_ring, minmay_shop_star
Vaults:1: nicolae_vaults_yaktaur_gun_rack, nicolae_vaults_three_branches,
          hangedman_vaults_stagger, hangedman_vaults_capsules,
          nicolae_vaults_gold_heap, nicolae_vaults_windows_and_doors_thing,
          v_misc_33, nicolae_vaults_oval_intersection,
          nicolae_vaults_apartment_1, nicolae_vaults_variable_pillar_hall,
          layout_vaults_chaotic_city
Vaults:2: v_misc_16, nicolae_vaults_offset_grid_hallway_4,
          ontoclasm_vaults_ring_small, hangedman_vaults_maws, v_misc_9,
          minmay_crypt_entry_simple_box, ontoclasm_vaults_chip,
          nicolae_vaults_alarming, nicolae_vaults_offset_grid_hallway_4,
          ontoclasm_vaults_ring_small, dpeg_vaults_monster_row,
          nicolae_vaults_wrenched, nicolae_vaults_house_1,
          layout_vaults_omnibox, serial_shops, nicolae_shop_overgrown_old_shop
Vaults:3: hangedman_vaults_variations, nicolae_vaults_stepped_doors,
          nicolae_vaults_heart-shaped_vault, nicolae_vaults_whirlpool_walls,
          vaults_room_octagon, nicolae_vaults_trapezoid_lopsided_1,
          nicolae_vaults_lightning_bolt, ontoclasm_vaults_shuriken,
          vaults_dpeg_diagonal, ontoclasm_vaults_bender,
          nicolae_vaults_apartment_1, nicolae_vaults_circle_grid_a,
          vaults_room_pools, nicolae_vaults_more_shelving_1, v_rooms_6,
          vaults_room_fancy_cross, nicolae_vaults_little_squares_6,
          nicolae_vaults_sesquioval_fish, serial_ice_g, layout_vaults_maze,
          serial_shops, nicolae_shop_gaudy_bauble
Vaults:4: nicolae_vaults_door_testing_chamber, hangedman_vaults_stream,
          vaults_room_fancy_cross, nicolae_vaults_specimen_jars, v_misc_26,
          nicolae_vaults_tetromino_L_1, st_eye, vaults_dpeg_encased_lava,
          nicolae_vaults_apartment_1, layout_vaults_omnigrid, serial_shops,
          nicolae_shop_window_shopping
Vaults:5: uniq_saint_roka
Depths:1: layout_honeycomb, hell_entry, moated_statue, hex_tiny, drop_trap,
          minmay_acid_items
Depths:2: minmay_box_of_statues, layout_gridlike,
          chequers_serial_rivers_small_3, grunt_hell_entry_demonic_statue,
          abyss_entry, pan_entry, dreamdust_looks_like_rain
Depths:3: lemuel_traditional_vault, layout_cave_shapes, abyss_entry_crystal,
          grunt_decor_arrowhead, special_room [special_room_magic_class],
          hell_entry, solitary_fountain, minmay_crystal_room, uniq_mara,
          uniq_enchantress, uniq_frederick
Depths:4: grunt_zot_entry_funnels, layout_gridlike, enter_ziggurat_a,
          serial_shops, nicolae_shop_pleasant_corner_grove,
          pf_hell_entry_great_geh, uniq_sojobo
Zot:1:    grunt_deathspiral_small, layout_concentric_octagons
Zot:2:    layout_cathedral_of_symmetry
Zot:3:    lemuel_draconian_sentries_small, layout_misc_corridors,
          grunt_megastairs_2
Zot:4:    layout_basic, st_stairs_4, grunt_megastairs_4, uniq_grunn
Zot:5:    layout_cathedral_of_symmetry, grunt_ministairs_10

Notes
Turn   | Place    | Note
-------+----------+-------------------------------------------
     0 | D:1      | MackTheKnife the Draconian Cinder Acolyte began the quest
                  | for the Orb.
     0 | D:1      | Reached XP level 1. HP: 19/19 MP: 2/2
     0 | D:1      | magus.rc [v1.9.6]
   104 | D:1      | Reached skill level 1 in Stealth
   181 | D:1      | Reached XP level 2. HP: 13/26 MP: 3/3
   184 | D:1      | HP: 5/26 [poisoned by a goblin]
   188 | D:1      | HP: 2/26 [poisoned by a goblin]
   361 | D:1      | Learned a level 2 spell: Scorch
   524 | D:1      | Reached skill level 2 in Stealth
  1051 | D:2      | Noticed Jessica
  1060 | D:2      | Killed Jessica
  1061 | D:2      | Reached XP level 3. HP: 31/31 MP: 0/5
  1302 | D:2      | Reached skill level 2 in Spellcasting
  1414 | D:2      | Reached XP level 4. HP: 38/38 MP: 0/7
  1935 | D:3      | Reached skill level 4 in Fire Magic
  1960 | D:3      | Identified the +1 falchion of Aniqucs Ewel {speed, SInv}
  2038 | D:3      | Found a faded altar of an unknown god.
  2776 | D:3      | Found an ornate altar of the Wu Jian Council.
  2782 | D:3      | Noticed a spectral centipede
  2782 | D:3      | Noticed a spectral black mamba
  2782 | D:3      | Noticed a spectral cane toad
  2881 | D:3      | Found a snail-covered altar of Cheibriados.
  2885 | D:3      | Found an opulent altar of Gozag.
  2888 | D:3      | Found a burning altar of Makhleb.
  3074 | D:4      | Reached skill level 5 in Fire Magic
  3074 | D:4      | Reached XP level 5. HP: 45/45 MP: 3/8
  3209 | D:4      | Found a staircase to the Ecumenical Temple.
  3266 | D:4      | Noticed Edmund
  3271 | D:4      | Killed Edmund
  3272 | D:4      | Reached skill level 4 in Fighting
  3272 | D:4      | Reached XP level 6. HP: 52/52 MP: 4/9
  3272 | D:4      | You are sucked into a shaft and drop 1 floor!
  3272 | D:5      | Entered Level 5 of the Dungeon
  3281 | D:5      | Reached skill level 4 in Maces & Flails
  4202 | Temple   | Entered the Ecumenical Temple
  4205 | D:4      | Upgraded the game from 0.31-a0-960-g0fca184906 to
                  | 0.31-a0-963-ga325b2283a
  4205 | D:4      | magus.rc [v1.9.6]
  4205 | D:4      | magus.rc [v1.9.6]
  4290 | D:4      | Reached skill level 5 in Maces & Flails
  4409 | D:5      | Your scales start taking on a dull iron-grey colour.
  4409 | D:5      | Reached XP level 7. HP: 60/60 MP: 2/10
  4759 | D:4      | Reached skill level 6 in Maces & Flails
  5112 | D:5      | Identified the +4 quarterstaff of Hes Xeu {freeze, rC-
                  | Str+4 Int+3 Dex+5}
  5338 | D:5      | Found a blossoming altar of Fedhas.
  5361 | D:5      | Reached skill level 7 in Maces & Flails
  5628 | D:6      | Reached XP level 8. HP: 64/67 MP: 8/11
  5666 | D:6      | Noticed Eustachio
  5915 | D:6      | Noticed Grinder
  5920 | D:6      | Killed Grinder
  5921 | D:6      | Reached skill level 5 in Fighting
  5921 | D:6      | Reached skill level 8 in Maces & Flails
  5921 | D:6      | Reached skill level 1 in Evocations
  6004 | D:6      | Found a radiant altar of Vehumet.
  6048 | D:6      | Reached skill level 2 in Evocations
  6443 | D:6      | Noticed Pikel
  6453 | D:6      | Killed Pikel
  6454 | D:6      | Reached skill level 7 in Fighting
  6454 | D:6      | Reached skill level 4 in Evocations
  6558 | D:6      | Found a sparkling altar of Nemelex Xobeh.
  6947 | D:7      | Identified the "Qizots"
  6948 | D:7      | Found a shimmering blue altar of Sif Muna.
  7069 | D:7      | Reached XP level 9. HP: 77/80 MP: 12/12
  7071 | D:7      | Reached skill level 8 in Fighting
  7075 | D:7      | Reached skill level 1 in Dodging
  7111 | D:7      | Reached skill level 2 in Dodging
  7370 | D:7      | Reached skill level 3 in Dodging
  7668 | D:7      | Reached skill level 4 in Dodging
  8148 | D:7      | Identified a scroll of acquirement
  8148 | D:7      | Acquired the +0 pair of boots "Moaq" {rElec Will+}
  8161 | D:7      | magus.rc [v1.9.6]
  8163 | D:7      | Learned a level 1 spell: Foxfire
  8193 | D:7      | Reached skill level 1 in Shields
  8256 | D:8      | Reached skill level 2 in Shields
  8387 | D:8      | Reached skill level 3 in Shields
  8551 | D:8      | Found a shimmering altar of Xom.
  8552 | D:8      | Found a hazy altar of Hepliaklqana.
  8553 | D:8      | Noticed a spectral ugly thing
  8564 | D:8      | Noticed a two-headed ogre
  8574 | D:8      | Killed a two-headed ogre
  8575 | D:8      | Reached skill level 4 in Shields
  8575 | D:8      | Reached skill level 9 in Maces & Flails
  8709 | D:8      | Found a broken altar of Ashenzari.
  8737 | D:8      | Identified the +1 ring mail of the Freezing God {Harm}
  9007 | D:8      | Reached XP level 10. HP: 76/88 MP: 8/13
  9204 | D:8      | Found a hide-covered altar of Uskayaw.
  9347 | D:8      | Reached skill level 10 in Maces & Flails
  9647 | D:8      | Reached skill level 9 in Fighting
 10006 | Bailey   | Identified the "Rifax"
 10034 | D:9      | Found a flagged portal.
 10058 | Bailey   | Entered a bailey
 10137 | Bailey   | Reached skill level 10 in Fighting
 10486 | Bailey   | Noticed a gargoyle
 10488 | Bailey   | Killed a gargoyle
 10518 | Bailey   | Reached skill level 11 in Maces & Flails
 10518 | Bailey   | Identified the +1 leather armour of Grot {rElec rC+ rCorr
                  | Dex-2}
 10520 | Bailey   | You pick up a book of Fire and begin reading...
 10520 | Bailey   | You add the spells Plasma Beam and Starburst to your
                  | library.
 10588 | Bailey   | You add the spells Volatile Blastmotes, Flame Wave and Fire
                  | Storm to your library.
 10914 | D:9      | Noticed a sixfirhy
 10922 | D:9      | HP: 22/93 [poisoned by a red devil]
 11164 | D:9      | Reached skill level 12 in Maces & Flails
 11164 | D:9      | Reached XP level 11. HP: 69/99 MP: 1/14
 11428 | D:8      | Noticed a sun demon
 12009 | D:9      | Found a staircase to the Lair.
 12756 | D:9      | Reached skill level 13 in Maces & Flails
 12801 | D:10     | Identified the "Zeawunos"
 12801 | D:10     | Entered Level 10 of the Dungeon
 13654 | D:10     | Reached skill level 14 in Maces & Flails
 13947 | D:10     | Noticed a boulder beetle
 13947 | D:10     | Noticed a centaur warrior
 14348 | D:10     | Found a sacrificial altar of Ru.
 14418 | D:10     | Reached skill level 5 in Dodging
 14558 | Lair:1   | Entered Level 1 of the Lair of Beasts
 14627 | Lair:1   | Reached skill level 11 in Fighting
 14969 | Lair:1   | Reached XP level 12. HP: 97/110 MP: 9/15
 14973 | Lair:1   | You pick up a book of Cantrips and begin reading...
 14973 | Lair:1   | You add the spells Necrotise, Summon Small Mammal and
                  | Apportation to your library.
 15117 | Lair:1   | Reached skill level 6 in Dodging
 15702 | Lair:2   | Noticed a five-headed hydra
 15712 | Lair:2   | Killed a five-headed hydra
 16061 | Lair:2   | You pick up a book of the Warp and begin reading...
 16061 | Lair:2   | You add the spells Manifold Assault, Dispersal and
                  | Disjunction to your library.
 16596 | Lair:2   | Reached skill level 12 in Fighting
 16596 | Lair:2   | Reached skill level 7 in Dodging
 16661 | Lair:2   | Noticed a four-headed hydra
 16668 | Lair:2   | Killed a four-headed hydra
 16669 | Lair:2   | Reached skill level 8 in Dodging
 17082 | Lair:2   | Reached skill level 5 in Evocations
 17386 | Lair:3   | Noticed a boulder beetle
 18021 | Lair:3   | Found a transporter.
 18021 | Lair:3   | Found a transporter.
 18021 | Lair:3   | Noticed a boulder beetle
 18054 | Lair:3   | Reached skill level 6 in Evocations
 18213 | Lair:3   | Found a staircase to the Snake Pit.
 18570 | Lair:3   | Reached skill level 7 in Evocations
 18843 | Lair:3   | Noticed an eight-headed hydra
 18844 | Lair:3   | Reached skill level 8 in Evocations
 18854 | Lair:3   | Killed an eight-headed hydra
 18979 | Lair:3   | Killed a boulder beetle
 18980 | Lair:3   | Reached skill level 5 in Shields
 19250 | Lair:3   | Found a staircase to the Shoals.
 19545 | Lair:3   | Killed a boulder beetle
 19546 | Lair:3   | Reached XP level 13. HP: 96/118 MP: 14/16
 19642 | Lair:4   | Reached skill level 6 in Shields
 19777 | Lair:4   | Reached skill level 7 in Shields
 19795 | Lair:4   | Found a dark tunnel.
 19897 | Volcano  | Entered a volcano
 19980 | Volcano  | Reached skill level 8 in Shields
 20085 | Volcano  | Reached skill level 9 in Shields
 20636 | Lair:4   | Reached skill level 10 in Shields
 20998 | Lair:4   | Found a viscous altar of Jiyva.
 21518 | Lair:4   | Found a staircase to the Slime Pits.
 21691 | Lair:5   | Entered Level 5 of the Lair of Beasts
 22047 | Lair:4   | Reached skill level 9 in Dodging
 22615 | Lair:5   | Reached skill level 10 in Dodging
 22845 | Lair:5   | You pick up a book of Blasting and begin reading...
 22845 | Lair:5   | You add the spells Fulminant Prism and Iskenderun's Mystic
                  | Blast to your library.
 23033 | Lair:5   | Reached XP level 14. HP: 127/127 MP: 4/17
 23190 | Lair:5   | Reached skill level 13 in Fighting
 24009 | Lair:5   | Reached skill level 14 in Fighting
 24165 | Lair:5   | Reached skill level 3 in Spellcasting
 24376 | Lair:5   | Reached skill level 4 in Spellcasting
 24559 | Lair:5   | Found a large runed translucent door.
 24560 | Lair:5   | Found a large runed translucent door.
 24592 | Lair:5   | You pick up a book of Winter and begin reading...
 24592 | Lair:5   | You add the spells Ozocubu's Armour, Metabolic Englaciation
                  | and Simulacrum to your library.
 24940 | Lair:4   | Fell from the grace of Ignis
 24940 | Lair:4   | Became a worshipper of Jiyva Julouwy the Shapeless
 25024 | D:9      | magus.rc [v1.9.6]
 25024 | D:9      | magus.rc [v1.9.6]
 25061 | D:10     | Learned a level 4 spell: Manifold Assault
 25245 | D:11     | You pick up a book of Spatial Translocations and begin
                  | reading...
 25245 | D:11     | You add the spells Blink, Momentum Strike and Lesser
                  | Beckoning to your library.
 25252 | D:11     | Reached skill level 1 in Translocations
 25362 | D:11     | Gained mutation: You have a pair of small horns on your
                  | head. [potion of mutation]
 25362 | D:11     | Gained mutation: Your tail ends in a venomous barb. [potion
                  | of mutation]
 25362 | D:11     | Gained mutation: You are strong-willed. (Will+) [potion of
                  | mutation]
 25496 | D:11     | Reached * piety under Jiyva
 25779 | D:12     | Reached skill level 5 in Spellcasting
 25788 | D:12     | You pick up a book of Touch and begin reading...
 25788 | D:12     | You add the spells Kiss of Death, Confusing Touch and
                  | Dispel Undead to your library.
 25847 | D:12     | Reached skill level 2 in Translocations
 25893 | D:12     | Found a staircase to the Orcish Mines.
 25941 | D:12     | Found a gate leading to a gauntlet.
 25947 | Gauntlet | Entered a Gauntlet
 25947 | Gauntlet | Found a transporter.
 25958 | Gauntlet | Found a transporter.
 25961 | Gauntlet | Found a transporter.
 25975 | Gauntlet | Found a transporter.
 25981 | Gauntlet | Found a transporter.
 25984 | Gauntlet | Found a transporter.
 26012 | Gauntlet | Found a transporter.
 26024 | Gauntlet | Found a transporter.
 26028 | Gauntlet | Found a transporter.
 26032 | Gauntlet | Found a transporter.
 26049 | Gauntlet | Found a transporter.
 26049 | Gauntlet | Found a transporter.
 26075 | Gauntlet | Found a transporter.
 26098 | Gauntlet | Found a transporter.
 26112 | Gauntlet | Reached ** piety under Jiyva
 26183 | Gauntlet | Reached skill level 3 in Translocations
 26189 | Gauntlet | Identified the ring of Ymmyl {rElec rCorr Int+2 Dex+6}
 26744 | D:12     | Reached skill level 6 in Spellcasting
 26744 | D:12     | Reached skill level 4 in Translocations
 26957 | Orc:1    | Entered Level 1 of the Orcish Mines
 27013 | Orc:2    | Entered Level 2 of the Orcish Mines
 27013 | Orc:2    | Reached *** piety under Jiyva
 27042 | Orc:2    | Found a staircase to the Elven Halls.
 27131 | Orc:2    | Reached skill level 5 in Translocations
 27273 | Orc:1    | Noticed Erica
 27280 | Orc:1    | Killed Erica
 27281 | Orc:1    | Reached skill level 6 in Translocations
 27414 | Orc:1    | Lost mutation: You have a pair of small horns on your head.
                  | [Jiyva's grace]
 27414 | Orc:1    | Gained mutation: Armour fits poorly on your pseudopods.
                  | [Jiyva's grace]
 27414 | Orc:1    | Gained mutation: Armour fits poorly on your large
                  | pseudopods. [Jiyva's grace]
 27414 | Orc:1    | Gained mutation: Armour fits poorly on your massive
                  | pseudopods. [Jiyva's grace]
 27414 | Orc:1    | Gained mutation: Your translucent skin slightly reduces
                  | your foes' accuracy. (Stealth+) [Jiyva's grace]
 27771 | Orc:2    | Reached **** piety under Jiyva
 27784 | Orc:2    | Reached skill level 7 in Translocations
 28001 | Orc:2    | Found Vass's Jewellery Boutique.
 28001 | Orc:2    | Found Oman's Book Shoppe.
 28051 | Orc:2    | Found Mooten's Armour Shoppe.
 28069 | Orc:2    | Found Ymuycwad's Book Boutique.
 28099 | Orc:2    | Bought a scarf of repulsion for 132 gold pieces
 28135 | Orc:2    | Bought the ring of Pakousee {rPois rC+ Int+2} for 534 gold
                  | pieces
 28267 | Orc:2    | Found a bloodstained altar of Trog.
 28346 | Orc:2    | Reached skill level 8 in Translocations
 28662 | D:13     | Reached XP level 15. HP: 138/138 MP: 20/24
 28701 | D:13     | You pick up a book of Weapons and begin reading...
 28701 | D:13     | You add the spells Tukima's Dance and Dimensional Bullseye
                  | to your library.
 28798 | D:13     | Reached ***** piety under Jiyva
 29289 | D:14     | You fall into a shaft and drop 1 floor!
 29289 | D:15     | Entered Level 15 of the Dungeon
 29296 | D:15     | Gained mutation: You have sharp toenails. [Jiyva's grace]
 29296 | D:15     | Gained mutation: You have razor-sharp toenails. [Jiyva's
                  | grace]
 29296 | D:15     | Gained mutation: You have claws for feet. [Jiyva's grace]
 29296 | D:15     | Gained mutation: Your system is resistant to poisons.
                  | (rPois) [Jiyva's grace]
 29320 | D:15     | Reached skill level 9 in Translocations
 29482 | D:15     | Reached skill level 10 in Translocations
 29608 | D:15     | Identified the +0 pair of boots of Somewhere Else {Rampage
                  | rPois Will+ Slay+3}
 29616 | D:15     | Identified the +4 dagger of Understanding {freeze, Will-
                  | Dex+5 SInv}
 29854 | D:14     | You pick up a book of Alchemy and begin reading...
 29854 | D:14     | You add the spells Sublimation of Blood, Petrify and
                  | Irradiate to your library.
 29873 | D:14     | Found a gate to the Vaults.
 29936 | D:14     | Reached skill level 11 in Dodging
 30228 | D:14     | Found Xozial Zia's Magic Scroll Boutique.
 30233 | D:14     | Bought a scroll of teleportation for 42 gold pieces
 30233 | D:14     | Bought a scroll of blinking for 105 gold pieces
 30233 | D:14     | Bought a scroll of enchant weapon for 105 gold pieces
 30233 | D:14     | Bought a scroll of identify for 28 gold pieces
 30233 | D:14     | Bought a scroll of enchant armour for 105 gold pieces
 30233 | D:14     | Bought a scroll of enchant armour for 105 gold pieces
 30233 | D:14     | Bought a scroll of identify for 28 gold pieces
 30414 | Lair:1   | Was forgiven by Ignis
 30483 | Snake:1  | Identified the of Xedeuvocw
 30483 | Snake:1  | Entered Level 1 of the Snake Pit
 30592 | Snake:1  | You add the spells Vhi's Electric Charge and Death Channel
                  | to your library.
 31352 | Snake:1  | Reached skill level 12 in Dodging
 31404 | Snake:1  | Reached ****** piety under Jiyva
 31506 | Vaults:5 | Identified the "Yrghoefai"
 31506 | Depths:1 | Identified the "Codyt"
 31506 | Depths:2 | Identified the "Estizez"
 31506 | Depths:3 | Identified the "Seuhyofa"
 31506 | Elf:3    | Identified the "Guap"
 31506 | Elf:3    | Identified the "Ynimpemu"
 31506 | Slime:1  | Entered Level 1 of the Pits of Slime
 31506 | Slime:1  | Noticed an acid blob
 31508 | Slime:1  | Noticed a rockslime
 31550 | Slime:1  | Noticed a rockslime
 31563 | Slime:3  | Noticed a rockslime
 31634 | Slime:4  | Noticed a rockslime
 31634 | Slime:4  | Noticed an azure jelly
 31641 | Slime:5  | Identified the of Jixzor
 31641 | Slime:5  | Identified the of Zusiuh
 31641 | Slime:5  | Entered Level 5 of the Pits of Slime
 31657 | Slime:5  | Found a viscous altar of Jiyva.
 31657 | Slime:5  | Noticed an acid blob
 31658 | Slime:5  | Noticed the Royal Jelly
 31659 | Slime:5  | Noticed an acid blob
 31659 | Slime:5  | Noticed an acid blob
 31661 | Slime:5  | Noticed an acid blob
 31664 | Slime:5  | Got a slimy rune of Zot
 31665 | Slime:5  | Noticed an acid blob
 31665 | Slime:5  | Noticed an acid blob
 31666 | Slime:5  | Noticed an acid blob
 31667 | Slime:5  | Noticed an acid blob
 31667 | Slime:5  | Noticed an acid blob
 31679 | Slime:5  | You add the spells Summon Lightning Spire and Summon Mana
                  | Viper to your library.
 31694 | Slime:5  | Identified the staff "Dumequer" {rPois SInv Poison}
 31741 | Slime:4  | Noticed an acid blob
 31761 | Slime:2  | Noticed an azure jelly
 32037 | Orc:2    | Bought a book of Death for 572 gold pieces
 32037 | Orc:2    | You pick up a book of Death and begin reading...
 32037 | Orc:2    | You add the spells Animate Dead, Haunt and Infestation to
                  | your library.
 32051 | Orc:2    | Learned a level 4 spell: Animate Dead
 32643 | Snake:1  | Noticed Mlioglotl
 32645 | Snake:1  | Reached skill level 1 in Necromancy
 32907 | Snake:1  | Reached skill level 2 in Necromancy
 33180 | Snake:2  | Reached skill level 3 in Necromancy
 33248 | Snake:2  | Reached skill level 4 in Necromancy
 33406 | Snake:2  | Found a shadowy altar of Dithmenos.
 33481 | Snake:2  | Reached skill level 5 in Necromancy
 33750 | Snake:3  | Noticed a nagaraja
 33801 | Snake:3  | Lost mutation: Your tail ends in a venomous barb. [Jiyva's
                  | grace]
 33801 | Snake:3  | Lost mutation: You have claws for feet. [Jiyva's grace]
 33801 | Snake:3  | Lost mutation: You have razor-sharp toenails. [Jiyva's
                  | grace]
 33801 | Snake:3  | Lost mutation: Your system is resistant to poisons. (rPois)
                  | [Jiyva's grace]
 33801 | Snake:3  | Lost mutation: Armour fits poorly on your massive
                  | pseudopods. [Jiyva's grace]
 33801 | Snake:3  | Gained mutation: Your spells are a little harder to cast,
                  | but a little more powerful. [Jiyva's grace]
 33801 | Snake:3  | Gained mutation: Your spells are harder to cast, but more
                  | powerful. [Jiyva's grace]
 33801 | Snake:3  | Gained mutation: Your spells are much harder to cast, but
                  | much more powerful. [Jiyva's grace]
 33801 | Snake:3  | Gained mutation: Your translucent skin reduces your foes'
                  | accuracy. (Stealth+) [Jiyva's grace]
 33813 | Snake:3  | Identified the +4 plate armour of Usaqyecw {rElec rC-
                  | Regen+ rCorr}
 33848 | Snake:3  | Lost mutation: Your spells are much harder to cast, but
                  | much more powerful. [potion of mutation]
 33848 | Snake:3  | Lost mutation: Your spells are harder to cast, but more
                  | powerful. [potion of mutation]
 33848 | Snake:3  | Gained mutation: You are weak. (Str -2) [potion of
                  | mutation]
 33848 | Snake:3  | Gained mutation: You sometimes lose your temper in combat.
                  | [potion of mutation]
 33848 | Snake:3  | Gained mutation: Your spells are harder to cast, but more
                  | powerful. [potion of mutation]
 33849 | Snake:3  | Lost mutation: Your translucent skin reduces your foes'
                  | accuracy. (Stealth+) [potion of mutation]
 33849 | Snake:3  | Lost mutation: Your spells are harder to cast, but more
                  | powerful. [potion of mutation]
 33849 | Snake:3  | Lost mutation: You are strong-willed. (Will+) [potion of
                  | mutation]
 33849 | Snake:3  | Gained mutation: Your flesh is cold resistant. (rC+)
                  | [potion of mutation]
 33850 | Snake:3  | Lost mutation: You sometimes lose your temper in combat.
                  | [potion of mutation]
 33850 | Snake:3  | Lost mutation: You have sharp toenails. [potion of
                  | mutation]
 33850 | Snake:3  | Lost mutation: Your translucent skin slightly reduces your
                  | foes' accuracy. (Stealth+) [potion of mutation]
 33850 | Snake:3  | Gained mutation: You possess an exceptional clarity of
                  | mind. [potion of mutation]
 33850 | Snake:3  | Gained mutation: You have supernaturally acute eyesight.
                  | (SInv) [potion of mutation]
 33855 | Snake:3  | Killed a nagaraja
 33856 | Snake:3  | Reached skill level 6 in Necromancy
 33871 | Snake:3  | Reached XP level 16. HP: 146/146 MP: 23/25
 33970 | Snake:3  | Reached skill level 7 in Necromancy
 34062 | Snake:3  | You pick up a book of Hexes and begin reading...
 34062 | Snake:3  | You add the spells Anguish, Cause Fear and Enfeeble to your
                  | library.
 34128 | Snake:3  | Reached skill level 8 in Necromancy
 34183 | Snake:3  | Reached skill level 9 in Necromancy
 34480 | Snake:4  | Entered Level 4 of the Snake Pit
 34492 | Snake:4  | Noticed Vashnia
 34820 | Snake:4  | Slimified Vashnia
 34820 | Snake:4  | Vashnia changed into Vashnia the acid blob
 34820 | Snake:4  | Noticed Vashnia
 34845 | Snake:4  | Reached skill level 10 in Necromancy
 35246 | Snake:4  | Reached skill level 13 in Dodging
 35578 | Snake:4  | Reached skill level 14 in Dodging
 35931 | Snake:4  | Got a serpentine rune of Zot
 36365 | Orc:2    | Bought an amulet of reflection for 420 gold pieces
 36649 | Shoals:1 | Entered Level 1 of the Shoals
 36654 | Lair:3   | Learned a level 1 spell: Apportation
 36661 | Lair:3   | Acquired the ring "Gaecul" {Wiz Drain rF+ rC++ SInv}
 36675 | Lair:3   | Learned a level 6 spell: Death Channel
 36680 | Lair:3   | Learned a level 4 spell: Anguish
 36934 | Shoals:1 | Reached skill level 1 in Hexes
 37489 | Shoals:2 | Gained mutation: You have sharp toenails. [Jiyva's grace]
 37489 | Shoals:2 | Gained mutation: You have razor-sharp toenails. [Jiyva's
                  | grace]
 37489 | Shoals:2 | Gained mutation: You have claws for feet. [Jiyva's grace]
 37489 | Shoals:2 | Gained mutation: Your flesh is heat resistant. (rF+)
                  | [Jiyva's grace]
 37489 | Shoals:2 | Found a frozen archway.
 37551 | Shoals:2 | Reached skill level 2 in Hexes
 37557 | Shoals:2 | Reached XP level 17. HP: 99/152 MP: 14/26
 37584 | IceCv    | Entered an ice cave
 37694 | IceCv    | Reached skill level 11 in Shields
 37734 | IceCv    | Identified the +1 hat of Heteapn {Str+3 Slay-2 SInv}
 37796 | IceCv    | Reached skill level 3 in Hexes
 38266 | Shoals:2 | Reached skill level 4 in Hexes
 38270 | Shoals:2 | Found a runed translucent door.
 38275 | Shoals:2 | Found a corrupted altar of Lugonu.
 38275 | Shoals:2 | Found a one-way gate to the infinite horrors of the Abyss.
 38350 | Shoals:2 | Reached skill level 11 in Necromancy
 39220 | Shoals:3 | You pick up a book of Scorching and begin reading...
 39361 | Shoals:3 | Reached skill level 5 in Hexes
 39396 | Shoals:3 | Reached skill level 12 in Shields
 39494 | Shoals:3 | Reached skill level 12 in Necromancy
 40153 | Shoals:4 | Entered Level 4 of the Shoals
 40155 | Shoals:4 | Identified the +5 war axe of the Hairy God {antimagic,
                  | Drain rElec Dex+3}
 40216 | Shoals:4 | Lost mutation: Your flesh is heat resistant. (rF+) [Jiyva's
                  | grace]
 40216 | Shoals:4 | Gained mutation: You have a pair of small horns on your
                  | head. [Jiyva's grace]
 40216 | Shoals:4 | Gained mutation: You have a pair of horns on your head.
                  | [Jiyva's grace]
 40216 | Shoals:4 | Gained mutation: You have a pair of large horns on your
                  | head. [Jiyva's grace]
 40216 | Shoals:4 | Gained mutation: Your large and strong wings let you fly.
                  | [Jiyva's grace]
 40245 | Shoals:3 | Reached skill level 1 in Axes
 40252 | Shoals:4 | Reached skill level 2 in Axes
 40254 | Shoals:4 | Reached skill level 3 in Axes
 40256 | Shoals:4 | Reached skill level 4 in Axes
 40259 | Shoals:4 | Reached skill level 5 in Axes
 40264 | Shoals:4 | Reached skill level 6 in Axes
 40265 | Shoals:4 | Reached skill level 7 in Axes
 40269 | Shoals:4 | Reached skill level 8 in Axes
 40274 | Shoals:4 | Reached skill level 9 in Axes
 40280 | Shoals:4 | Reached XP level 18. HP: 118/160 MP: 3/27
 40287 | Shoals:4 | Reached skill level 10 in Axes
 40334 | Shoals:4 | Got a barnacled rune of Zot
 40347 | Shoals:4 | Identified the ring of Kusoidd {rF+ rN+ Str+2 Slay-5}
 41240 | Elf:1    | Entered Level 1 of the Elven Halls
 41303 | Orc:2    | Reached skill level 11 in Axes
 41493 | Elf:1    | Reached skill level 12 in Axes
 41657 | Elf:1    | Reached skill level 13 in Axes
 41908 | Elf:1    | Reached skill level 14 in Axes
 42300 | Elf:2    | Lost mutation: Your large and strong wings let you fly.
                  | [Jiyva's grace]
 42300 | Elf:2    | Lost mutation: You have claws for feet. [Jiyva's grace]
 42300 | Elf:2    | Lost mutation: You are weak. (Str -2) [Jiyva's grace]
 42300 | Elf:2    | Lost mutation: Your spells are a little harder to cast, but
                  | a little more powerful. [Jiyva's grace]
 42300 | Elf:2    | Gained mutation: You have a small jelly attached to you
                  | that senses nearby items. [Jiyva's grace]
 42300 | Elf:2    | Gained mutation: Armour fits poorly on your massive
                  | pseudopods. [Jiyva's grace]
 42300 | Elf:2    | Gained mutation: Your body has grown eyes which may confuse
                  | attackers. (Acc +3) [Jiyva's grace]
 42300 | Elf:2    | Gained mutation: Your body has grown many eyes which may
                  | confuse attackers. (Acc +5) [Jiyva's grace]
 42302 | Elf:2    | Killed Gemnupib's ghost
 42428 | Elf:2    | Found Yfoskyla's Gadget Gallery.
 42437 | Elf:2    | Found a shimmering blue altar of Sif Muna.
 42472 | Elf:2    | Found a runed translucent gate.
 42472 | Elf:2    | Found a runed translucent gate.
 42472 | Elf:2    | Found a runed translucent gate.
 42480 | Elf:2    | Found Sawisoa's Antique Weapon Boutique.
 42560 | Elf:2    | Found a viscous altar of Jiyva.
 42567 | Elf:2    | Identified the ring of Gutin {AC+4 Str+2}
 42570 | Elf:2    | Identified the ring of the Morning {Wiz rC+ Slay+4}
 42598 | Elf:2    | Found a runed translucent gate.
 42598 | Elf:2    | Found a runed translucent gate.
 42598 | Elf:2    | Found a runed translucent gate.
 42659 | Elf:2    | Reached skill level 15 in Axes
 42987 | Elf:2    | Noticed Zenata
 43196 | Elf:2    | Killed Zenata
 43197 | Elf:2    | Reached skill level 16 in Axes
 43396 | Elf:3    | Entered Level 3 of the Elven Halls
 43452 | Elf:3    | Found Desm's Magic Scroll Emporium.
 43457 | Elf:3    | Found Tineurgho's Antique Weapon Emporium.
 43588 | Elf:3    | Lost mutation: You have a pair of large horns on your head.
                  | [Jiyva's grace]
 43588 | Elf:3    | Lost mutation: You have razor-sharp toenails. [Jiyva's
                  | grace]
 43588 | Elf:3    | Gained mutation: You are strong-willed. (Will+) [Jiyva's
                  | grace]
 43588 | Elf:3    | Gained mutation: You are highly strong-willed. (Will++)
                  | [Jiyva's grace]
 43588 | Elf:3    | Gained mutation: You are extremely strong-willed. (Will+++)
                  | [Jiyva's grace]
 43588 | Elf:3    | Gained mutation: You are covered in slimy tendrils that may
                  | disarm your opponents. [Jiyva's grace]
 43989 | Elf:3    | Reached XP level 19. HP: 168/168 MP: 25/28
 44075 | Elf:3    | Identified the amulet "Efus" {Faith Rampage Int+3}
 44134 | Elf:3    | You pick up a book of Burglary and begin reading...
 44134 | Elf:3    | You add the spells Passwall, Ensorcelled Hibernation and
                  | Swiftness to your library.
 44141 | Elf:3    | You pick up a book of Vapours and begin reading...
 44141 | Elf:3    | You add the spells Poisonous Vapours, Mephitic Cloud and
                  | Freezing Cloud to your library.
 44344 | Elf:3    | Reached skill level 13 in Shields
 44350 | Elf:3    | Reached skill level 15 in Fighting
 44358 | Elf:3    | Identified the +1 ring mail "Qaum" {rPois}
 44359 | Elf:3    | Identified the +5 long sword of the Flying Penguin {vamp,
                  | Dex+4 SInv}
 44451 | Elf:3    | Identified the +5 flail of the Gloaming {protect, rElec
                  | Will+}
 44451 | Elf:3    | Identified the orb "Esyog" {mayhem, Stlth+}
 44521 | Elf:3    | Found the +3 giant club "Skullcrusher" {speed, Str+7}
 44529 | Elf:3    | You pick up a book of Air and begin reading...
 44529 | Elf:3    | You add the spells Shock and Airstrike to your library.
 44634 | Elf:3    | Identified the +4 sling of Adverse Possession {freeze,
                  | Str+3}
 44685 | Elf:3    | Identified the +6 mace of Debt {spect, Fragile Fly rC+++
                  | Dex+3}
 44803 | Elf:3    | You add the spells Sandblast, Iskenderun's Battlesphere and
                  | Lehudib's Crystal Spear to your library.
 44806 | Elf:3    | You pick up a book of Armaments and begin reading...
 45082 | Vaults:1 | Entered Level 1 of the Vaults
 45320 | Vaults:1 | Reached skill level 16 in Fighting
 45320 | Vaults:1 | Reached skill level 14 in Shields
 46345 | Vaults:1 | Found the +8 storm bow {elec, penet}
 46533 | Orc:2    | Bought Great Wizards, Vol. II for 494 gold pieces
 46533 | Orc:2    | You add the spells Alistair's Intoxication and Borgnjor's
                  | Vile Clutch to your library.
 46533 | Orc:2    | Bought a book of Changes for 234 gold pieces
 46533 | Orc:2    | You pick up a book of Changes and begin reading...
 46536 | Orc:2    | Learned a level 2 spell: Wereblood
 46542 | Orc:2    | Learned a level 5 spell: Borgnjor's Vile Clutch
 46744 | Vaults:2 | Reached skill level 1 in Earth Magic
 46747 | Vaults:2 | Reached skill level 1 in Transmutations
 46818 | Vaults:2 | Lost mutation: You have a pair of horns on your head.
                  | [Jiyva's grace]
 46818 | Vaults:2 | Lost mutation: You have sharp toenails. [Jiyva's grace]
 46818 | Vaults:2 | Lost mutation: You possess an exceptional clarity of mind.
                  | [Jiyva's grace]
 46818 | Vaults:2 | Lost mutation: You are extremely strong-willed. (Will+++)
                  | [Jiyva's grace]
 46818 | Vaults:2 | Lost mutation: Your body has grown many eyes which may
                  | confuse attackers. (Acc +5) [Jiyva's grace]
 46818 | Vaults:2 | Lost mutation: Armour fits poorly on your massive
                  | pseudopods. [Jiyva's grace]
 46818 | Vaults:2 | Gained mutation: Your melee attacks may engulf your foes in
                  | ooze. [Jiyva's grace]
 46818 | Vaults:2 | Gained mutation: Your rubbery body absorbs attacks. (AC +1,
                  | EV +1) [Jiyva's grace]
 46818 | Vaults:2 | Gained mutation: Your pliable body absorbs attacks. (AC +2,
                  | EV +2) [Jiyva's grace]
 46818 | Vaults:2 | Gained mutation: Your gelatinous body deflects attacks. (AC
                  | +3, EV +3) [Jiyva's grace]
 46848 | Vaults:2 | Reached skill level 2 in Earth Magic
 47027 | Vaults:2 | Reached skill level 2 in Transmutations
 47129 | Vaults:2 | Reached skill level 3 in Earth Magic
 47152 | Vaults:2 | Reached XP level 20. HP: 182/182 MP: 5/30
 47205 | Vaults:2 | Found a staircase to the Crypt.
 47213 | Vaults:2 | Reached skill level 3 in Transmutations
 47216 | Vaults:2 | Reached skill level 7 in Spellcasting
 47224 | Vaults:2 | Reached skill level 4 in Earth Magic
 47234 | Vaults:2 | Found Ecoc's Antique Weapon Shop.
 47385 | Vaults:2 | Reached skill level 15 in Shields
 47478 | Vaults:2 | Reached skill level 4 in Transmutations
 47480 | Vaults:2 | Reached skill level 5 in Earth Magic
 47790 | Vaults:3 | Reached skill level 6 in Earth Magic
 47805 | Vaults:3 | Reached skill level 8 in Spellcasting
 47843 | Vaults:3 | Reached skill level 7 in Earth Magic
 47897 | Vaults:3 | You pick up a book of Ice and begin reading...
 48237 | Vaults:3 | Found Astuss's Jewellery Emporium.
 48245 | Vaults:3 | Reached skill level 8 in Earth Magic
 48293 | Vaults:3 | Reached skill level 9 in Spellcasting
 48653 | Vaults:3 | Lost mutation: You have a pair of small horns on your head.
                  | [Jiyva's grace]
 48653 | Vaults:3 | Lost mutation: Your gelatinous body deflects attacks. (AC
                  | +3, EV +3) [Jiyva's grace]
 48653 | Vaults:3 | Lost mutation: Your pliable body absorbs attacks. (AC +2,
                  | EV +2) [Jiyva's grace]
 48653 | Vaults:3 | Lost mutation: Your rubbery body absorbs attacks. (AC +1,
                  | EV +1) [Jiyva's grace]
 48653 | Vaults:3 | Lost mutation: You are covered in slimy tendrils that may
                  | disarm your opponents. [Jiyva's grace]
 48653 | Vaults:3 | Gained mutation: You have a pair of small horns on your
                  | head. [Jiyva's grace]
 48653 | Vaults:3 | Gained mutation: You have a pair of horns on your head.
                  | [Jiyva's grace]
 48653 | Vaults:3 | Gained mutation: You have a pair of large horns on your
                  | head. [Jiyva's grace]
 48653 | Vaults:3 | Gained mutation: You are robust. (+10% HP) [Jiyva's grace]
 49027 | Vaults:4 | Reached skill level 10 in Spellcasting
 49185 | Vaults:4 | Reached skill level 13 in Necromancy
 49206 | Vaults:4 | Reached skill level 17 in Fighting
 49949 | Vaults:4 | Found Ologug's Jewellery Shoppe.
 49956 | Vaults:4 | Identified the +5 shortbow of Wuorug {speed, *Slow rElec
                  | rPois rCorr}
 50046 | Vaults:4 | Reached XP level 21. HP: 205/211 MP: 33/35
 50411 | D:15     | Found a staircase to the Depths.
 50591 | Depths:1 | Entered Level 1 of the Depths
 50591 | Depths:1 | Found a gateway to Hell.
 50708 | Depths:1 | Lost mutation: You have supernaturally acute eyesight.
                  | (SInv) [Jiyva's grace]
 50708 | Depths:1 | Lost mutation: You are robust. (+10% HP) [Jiyva's grace]
 50708 | Depths:1 | Lost mutation: Armour fits poorly on your large pseudopods.
                  | [Jiyva's grace]
 50708 | Depths:1 | Gained mutation: You have very sharp teeth. [Jiyva's grace]
 50708 | Depths:1 | Gained mutation: You have extremely sharp teeth. [Jiyva's
                  | grace]
 50708 | Depths:1 | Gained mutation: You have razor-sharp teeth. [Jiyva's
                  | grace]
 50708 | Depths:1 | Gained mutation: You are robust. (+10% HP) [Jiyva's grace]
 50960 | Depths:1 | Reached skill level 14 in Necromancy
 50978 | Depths:1 | Found a runed translucent door.
 51000 | Depths:1 | Identified the +0 helmet "Naicuf" {rPois rCorr}
 51002 | Depths:1 | You add the spells Fireball, Arcjolt and Summon Forest to
                  | your library.
 51199 | Depths:1 | Reached skill level 18 in Fighting
 51718 | Depths:2 | Reached skill level 9 in Earth Magic
 51738 | Depths:2 | You add the spells Olgreb's Toxic Radiance, Ignition and
                  | Discord to your library.
 51947 | Depths:2 | Reached skill level 10 in Earth Magic
 52384 | Depths:2 | Reached skill level 15 in Dodging
 52544 | Depths:2 | Found a one-way gate leading to the halls of Pandemonium.
 52949 | Depths:3 | Reached skill level 16 in Dodging
 53018 | Depths:3 | Lost mutation: You have razor-sharp teeth. [Jiyva's grace]
 53018 | Depths:3 | Lost mutation: You have extremely sharp teeth. [Jiyva's
                  | grace]
 53018 | Depths:3 | Lost mutation: You have very sharp teeth. [Jiyva's grace]
 53018 | Depths:3 | Lost mutation: You are highly strong-willed. (Will++)
                  | [Jiyva's grace]
 53018 | Depths:3 | Gained mutation: You have large cloven feet. [Jiyva's
                  | grace]
 53018 | Depths:3 | Gained mutation: You have hoof-like feet. [Jiyva's grace]
 53018 | Depths:3 | Gained mutation: You have hooves in place of feet. [Jiyva's
                  | grace]
 53018 | Depths:3 | Gained mutation: You have an increased reservoir of magic.
                  | (+10% MP) [Jiyva's grace]
 53216 | Depths:3 | Noticed Mara
 53240 | Depths:3 | Noticed MackTheKnife's illusion
 53246 | Depths:3 | Noticed MackTheKnife's illusion
 53246 | Depths:3 | Killed Mara
 53317 | Depths:3 | Noticed an ancient lich
 53321 | Depths:3 | Reached XP level 22. HP: 110/223 MP: 31/39
 53327 | Depths:3 | Killed an ancient lich
 53616 | Depths:3 | the Enchantress comes into view. She is wielding a +0 flail
                  | of draining, wearing the +3 faerie dragon scales {Contam
                  | rElec rPois rCorr Dex+5} and wearing a +1 buckler of
                  | positive energy.
 53616 | Depths:3 | Noticed the Enchantress
 53632 | Depths:3 | Noticed Frederick
 53646 | Depths:3 | Killed Frederick
 53647 | Depths:3 | Reached skill level 19 in Fighting
 53704 | Depths:3 | Killed the Enchantress
 53705 | Depths:3 | Reached skill level 17 in Dodging
 53712 | Depths:3 | Identified the ring "Uwaompoo" {Fly rC+ Str+3}
 54192 | Depths:3 | +0 shadow dragon scales {rare}; a shadow dragon corpse
 54264 | Depths:3 | Noticed a juggernaut
 54266 | Depths:3 | Noticed a juggernaut
 54287 | Depths:3 | Killed a juggernaut
 54292 | Depths:3 | Killed a juggernaut
 54304 | Depths:3 | Your ally Frederick died
 54358 | Depths:3 | Noticed a golden dragon
 54372 | Depths:3 | Killed a golden dragon
 54372 | Depths:3 | Identified +0 gold dragon scales
 54391 | Depths:3 | Identified the staff of Kindness {MP-9 Dex+4 Conj}
 54564 | Depths:4 | Entered Level 4 of the Depths
 54813 | Depths:4 | Reached skill level 20 in Fighting
 54859 | Depths:4 | Found a one-way gateway to a ziggurat.
 55013 | Depths:4 | You pick up a book of Necromancy and begin reading...
 55013 | Depths:4 | You add the spells Vampiric Draining and Agony to your
                  | library.
 55034 | Depths:4 | Reached skill level 18 in Dodging
 55037 | Depths:4 | Noticed Sojobo
 55072 | Depths:4 | Killed Sojobo
 55142 | Depths:4 | Learned a level 6 spell: Dispersal
 55202 | Depths:4 | Learned a level 2 spell: Blink
 55207 | Depths:4 | Learned a level 4 spell: Vhi's Electric Charge
 55311 | Depths:4 | Reached skill level 11 in Translocations
 55551 | Depths:4 | Noticed a golden dragon
 55560 | Depths:4 | Killed a golden dragon
 55561 | Depths:4 | Reached skill level 12 in Translocations
 55623 | Depths:4 | Noticed a golden dragon
 55639 | Depths:4 | Killed a golden dragon
 55639 | Depths:4 | Identified +0 gold dragon scales
 55641 | Depths:4 | +0 gold dragon scales {rare}; a +0 long sword {long}; a
                  | golden dragon corpse
 55681 | Depths:4 | +0 gold dragon scales {rare}; a +0 long sword {long}; a
                  | golden dragon corpse
 55684 | Depths:4 | +0 gold dragon scales {rare}; a +0 long sword {long}; a
                  | golden dragon corpse
 55717 | Depths:4 | Found a gate to the Realm of Zot.
 55734 | Depths:4 | Reached XP level 23. HP: 176/234 MP: 6/40
 56006 | Depths:4 | Found Zapteh's Assorted Antiques.
 56010 | Depths:4 | Bought a faintly glowing morningstar for 378 gold pieces
 56010 | Depths:4 | Identified the +7 morningstar of Niogi {drain, rC- Dex+2
                  | Stlth+} (You bought it in a shop on level 4 of the Depths)
 56011 | Depths:4 | Bought a potion of curing for 126 gold pieces
 56370 | Elf:3    | Bought a scroll of enchant armour for 112 gold pieces
 56370 | Elf:3    | Bought a scroll of fog for 60 gold pieces
 56374 | Elf:3    | magus.rc [v1.9.6]
 56727 | Vaults:5 | Entered Level 5 of the Vaults
 56735 | Vaults:5 | You are cast into the Abyss!
 56735 | Abyss:3  | Found a corrupted altar of Lugonu.
 56735 | Abyss:3  | Lost mutation: You have a pair of large horns on your head.
                  | [Jiyva's grace]
 56735 | Abyss:3  | Gained mutation: You passively dampen the noise of your
                  | surroundings. [Jiyva's grace]
 56735 | Abyss:3  | Gained mutation: Your mind is acute. (Int +4, Str/Dex -1)
                  | [Jiyva's grace]
 56735 | Abyss:3  | Gained mutation: Your mind is very acute. (Int +8, Str/Dex
                  | -2) [Jiyva's grace]
 56735 | Abyss:3  | Gained mutation: You have a small jelly attached to you
                  | that may absorb projectiles. [Jiyva's grace]
 56735 | Abyss:3  | Found a corrupted altar of Lugonu.
 56735 | Abyss:3  | Cast into level 3 of the Abyss (vault guard)
 56745 | Abyss:3  | Found a corrupted altar of Lugonu.
 56814 | Abyss:3  | Found a corrupted altar of Lugonu.
 56873 | Vaults:5 | You pass through the gate.
 56873 | Vaults:5 | Escaped the Abyss
 57008 | Vaults:5 | quicksilver dragon scales {rare}; a quicksilver dragon
                  | corpse
 57012 | Vaults:5 | Reached skill level 21 in Fighting
 57071 | Vaults:5 | Reached skill level 19 in Dodging
 57101 | Vaults:5 | Identified the ring "Boarulat" {Str+3 Slay+3 SInv}
 57104 | Vaults:5 | Identified the ring of Qesem {+Blink rPois Dex+2}
 57110 | Vaults:5 | You pick up a book of Scorching and begin reading...
 57156 | Vaults:5 | Identified +0 gold dragon scales
 57159 | Vaults:5 | +0 gold dragon scales {rare}; a golden dragon corpse
 57162 | Vaults:5 | +0 gold dragon scales {rare}; a golden dragon corpse
 57171 | Vaults:5 | +0 gold dragon scales {rare}; a golden dragon corpse
 57187 | Vaults:5 | +0 gold dragon scales {rare}; a golden dragon corpse
 57468 | Vaults:5 | Identified the flux talisman "Wihau" {+Blink rN+}
 57531 | Vaults:5 | Identified the +6 great mace of Susaewn {spect, Dex+5}
 57535 | Vaults:5 | Identified the +9 longbow of a ziggurat {speed, Fly rC-
                  | Will- SInv}
 57539 | Vaults:5 | You add the spells Dazzling Flash and Leda's Liquefaction
                  | to your library.
 57578 | Vaults:5 | Noticed Saint Roka
 57598 | Vaults:5 | Killed Saint Roka
 57604 | Vaults:5 | Noticed a dread lich
 57612 | Vaults:5 | Killed a dread lich
 57745 | Vaults:5 | +0 storm dragon scales {rare}; a storm dragon corpse
 57747 | Vaults:5 | Identified the +1 glaive of the Warrior {freeze, MP+9}
 57837 | Vaults:5 | +0 storm dragon scales {rare}; a storm dragon corpse
 57850 | Vaults:5 | You pick up a book of Dangerous Friends and begin
                  | reading...
 57850 | Vaults:5 | You add the spells Summon Guardian Golem, Orb of
                  | Destruction and Spellforged Servitor to your library.
 57918 | Vaults:5 | Reached skill level 22 in Fighting
 58054 | Vaults:5 | Got a silver rune of Zot
 58125 | Vaults:5 | Found the amulet of the Four Winds {rN+ Will+++ Clar}
 58255 | Vaults:5 | Noticed a dread lich
 58289 | Vaults:5 | Killed a dread lich
 58290 | Vaults:5 | Reached skill level 20 in Dodging
 58387 | Vaults:5 | Identified the ring of Xom's Best Wishes {rElec EV+5 SInv}
 58413 | Vaults:5 | Noticed a dread lich
 58413 | Vaults:5 | Noticed an ancient lich
 58427 | Vaults:5 | Killed a dread lich
 58428 | Vaults:5 | Your ally Saint Roka died
 58437 | Vaults:5 | Killed an ancient lich
 58438 | Vaults:5 | Reached XP level 24. HP: 225/254 MP: 22/40
 58623 | Vaults:5 | Identified +0 gold dragon scales
 58625 | Vaults:5 | +0 gold dragon scales {rare}; a golden dragon corpse
 58627 | Vaults:5 | +0 gold dragon scales {rare}; a golden dragon corpse
 58864 | Vaults:5 | Noticed a dread lich
 58875 | Vaults:5 | Killed a dread lich
 59197 | Zot:1    | Entered Level 1 of the Realm of Zot
 59240 | Zot:1    | Reached skill level 16 in Shields
 59871 | Zot:1    | magus.rc [v1.9.6]
 59922 | Zot:1    | Noticed a curse toe
 60102 | Zot:1    | Reached skill level 17 in Shields
 60332 | Zot:1    | You pick up a book of the Tundra and begin reading...
 60332 | Zot:1    | You add the spells Hailstorm and Summon Ice Beast to your
                  | library.
 60440 | Zot:1    | Noticed an electric golem
 60543 | Zot:1    | Identified +0 gold dragon scales
 60555 | Zot:1    | +0 gold dragon scales {rare}; a golden dragon corpse
 60588 | Zot:1    | +0 gold dragon scales {rare}; a golden dragon corpse
 60634 | Zot:1    | Killed an electric golem
 60652 | Zot:1    | Reached skill level 18 in Shields
 60714 | Zot:1    | +0 storm dragon scales {rare}; a storm dragon corpse
 60721 | Zot:1    | +0 storm dragon scales {rare}; a storm dragon corpse
 60728 | Zot:1    | +0 gold dragon scales {rare}; a golden dragon corpse
 60809 | Zot:1    | Killed a curse toe
 60810 | Zot:1    | Reached skill level 3 in Stealth
 61078 | Zot:1    | Reached skill level 4 in Stealth
 61335 | Zot:1    | Lost mutation: You are strong-willed. (Will+) [Jiyva's
                  | grace]
 61335 | Zot:1    | Lost mutation: You have a small jelly attached to you that
                  | may absorb projectiles. [Jiyva's grace]
 61335 | Zot:1    | Gained mutation: You are strong-willed. (Will+) [Jiyva's
                  | grace]
 61335 | Zot:1    | Gained mutation: You are highly strong-willed. (Will++)
                  | [Jiyva's grace]
 61335 | Zot:1    | Gained mutation: You are extremely strong-willed. (Will+++)
                  | [Jiyva's grace]
 61335 | Zot:1    | Gained mutation: Your flesh is heat resistant. (rF+)
                  | [Jiyva's grace]
 61424 | Zot:1    | Reached skill level 5 in Stealth
 61512 | Zot:2    | Reached skill level 6 in Stealth
 61548 | Zot:2    | You pick up a book of Armaments and begin reading...
 61631 | Zot:2    | Identified the +3 short sword of Reason {freeze, rN+ Str+2
                  | Dex-2}
 61819 | Zot:3    | Reached skill level 7 in Stealth
 61940 | Zot:3    | Reached skill level 8 in Stealth
 62041 | Zot:3    | Noticed a curse toe
 62374 | Zot:2    | Noticed an orb of fire
 62375 | Zot:2    | Gained mutation: You have hidden genetic defects. [an orb
                  | of fire]
 62386 | Zot:2    | Noticed an electric golem
 62388 | Zot:2    | Gained mutation: You sometimes lose your temper in combat.
                  | [an orb of fire]
 62407 | Zot:2    | Gained mutation: Your body sometimes deteriorates upon
                  | taking damage. [an orb of fire]
 62574 | Zot:1    | Gained mutation: You are weak. (Str -2) [an orb of fire]
 62575 | Zot:1    | Gained mutation: You occasionally lose the ability to drink
                  | potions when taking damage. [an orb of fire]
 62585 | Zot:1    | Killed an orb of fire
 62646 | Zot:2    | Killed an electric golem
 63310 | Zot:2    | Reached skill level 23 in Fighting
 63437 | Zot:4    | Reached XP level 25. HP: 263/267 MP: 35/40
 63531 | Zot:4    | Acquired 535 gold pieces
 63572 | Zot:4    | +0 shadow dragon scales {rare}; a shadow dragon corpse
 63594 | Zot:4    | Gained mutation: You occasionally lose the ability to read
                  | scrolls when taking damage. [hidden defects]
 63642 | Zot:4    | Lost mutation: Your flesh is cold resistant. (rC+) [potion
                  | of mutation]
 63642 | Zot:4    | Lost mutation: You are weak. (Str -2) [potion of mutation]
 63642 | Zot:4    | Lost mutation: You have hooves in place of feet. [potion of
                  | mutation]
 63642 | Zot:4    | Lost mutation: You are extremely strong-willed. (Will+++)
                  | [potion of mutation]
 63642 | Zot:4    | Gained mutation: Your system is resistant to poisons.
                  | (rPois) [potion of mutation]
 63643 | Zot:4    | Lost mutation: You have a small jelly attached to you that
                  | senses nearby items. [potion of mutation]
 63643 | Zot:4    | Lost mutation: Your melee attacks may engulf your foes in
                  | ooze. [potion of mutation]
 63643 | Zot:4    | Lost mutation: You are highly strong-willed. (Will++)
                  | [potion of mutation]
 63643 | Zot:4    | Lost mutation: You have a pair of horns on your head.
                  | [potion of mutation]
 63644 | Zot:4    | Lost mutation: You passively dampen the noise of your
                  | surroundings. [potion of mutation]
 63644 | Zot:4    | Lost mutation: You have hoof-like feet. [potion of
                  | mutation]
 63644 | Zot:4    | Lost mutation: You are robust. (+10% HP) [potion of
                  | mutation]
 63645 | Zot:4    | Lost mutation: You occasionally lose the ability to drink
                  | potions when taking damage. [potion of mutation]
 63645 | Zot:4    | Lost mutation: Your system is resistant to poisons. (rPois)
                  | [potion of mutation]
 63645 | Zot:4    | Lost mutation: You have large cloven feet. [potion of
                  | mutation]
 63645 | Zot:4    | Lost mutation: You are strong-willed. (Will+) [potion of
                  | mutation]
 63645 | Zot:4    | Lost mutation: Your mind is very acute. (Int +8, Str/Dex
                  | -2) [potion of mutation]
 63645 | Zot:4    | Lost mutation: You have hidden genetic defects. [potion of
                  | mutation]
 63661 | Zot:4    | Noticed a curse toe
 63668 | Zot:4    | Noticed Grunn
 63673 | Zot:4    | Killed a curse toe
 63688 | Zot:4    | HP: 58/245 [Grunn/+7 bardiche of draining (53)]
 63695 | Zot:4    | Killed Grunn
 63736 | Zot:4    | Your ally Grunn died
 63806 | Zot:4    | +0 shadow dragon scales {rare}; a shadow dragon skeleton
 63871 | Zot:5    | Entered Level 5 of the Realm of Zot
 63872 | Zot:5    | Lost mutation: Your body sometimes deteriorates upon taking
                  | damage. [potion of mutation]
 63872 | Zot:5    | Lost mutation: You occasionally lose the ability to read
                  | scrolls when taking damage. [potion of mutation]
 63872 | Zot:5    | Gained mutation: You have sharp toenails. [potion of
                  | mutation]
 63872 | Zot:5    | Gained mutation: You are occasionally teleported next to
                  | monsters. [potion of mutation]
 63872 | Zot:5    | Lost mutation: You have an increased reservoir of magic.
                  | (+10% MP) [potion of mutation]
 63872 | Zot:5    | Gained mutation: You have hidden genetic potential. [potion
                  | of mutation]
 63873 | Zot:5    | Lost mutation: Your flesh is heat resistant. (rF+) [potion
                  | of mutation]
 63873 | Zot:5    | Lost mutation: Your body has grown eyes which may confuse
                  | attackers. (Acc +3) [potion of mutation]
 63873 | Zot:5    | Gained mutation: You are robust. (+10% HP) [potion of
                  | mutation]
 63873 | Zot:5    | Gained mutation: Your magical capacity is low. (-10% MP)
                  | [potion of mutation]
 63874 | Zot:5    | Lost mutation: Your mind is acute. (Int +4, Str/Dex -1)
                  | [potion of mutation]
 63874 | Zot:5    | Lost mutation: You are occasionally teleported next to
                  | monsters. [potion of mutation]
 63895 | Zot:5    | magus.rc [v1.9.6]
 64010 | Zot:5    | Reached skill level 24 in Fighting
 64227 | Zot:5    | Gained mutation: You have acidic saliva. [Jiyva's grace]
 64227 | Zot:5    | Gained mutation: Your body has grown eyes which may confuse
                  | attackers. (Acc +3) [Jiyva's grace]
 64227 | Zot:5    | Gained mutation: Your body has grown many eyes which may
                  | confuse attackers. (Acc +5) [Jiyva's grace]
 64227 | Zot:5    | Gained mutation: Your body is covered in eyes which may
                  | confuse attackers. (Acc +7, SInv) [Jiyva's grace]
 64375 | Zot:5    | Noticed an orb of fire
 64394 | Zot:5    | Lost mutation: You are robust. (+10% HP) [an orb of fire]
 64396 | Zot:5    | Gained mutation: Your magical capacity is very low. (-20%
                  | MP) [an orb of fire]
 64404 | Zot:5    | Gained mutation: You are weak. (Str -2) [an orb of fire]
 64412 | Zot:5    | Killed an orb of fire
 64684 | Zot:5    | Noticed a dread lich
 64809 | Zot:5    | Noticed a dread lich
 64821 | Zot:5    | Killed a dread lich
 64822 | Zot:5    | Reached skill level 25 in Fighting
 64822 | Zot:5    | Noticed an orb of fire
 64890 | Zot:5    | Noticed a dread lich
 64898 | Zot:5    | Gained mutation: Your body sometimes deteriorates upon
                  | taking damage. [an orb of fire]
 64901 | Zot:5    | Killed an orb of fire
 64960 | Zot:4    | Killed a dread lich
 65007 | Zot:4    | Killed a dread lich
 65021 | Zot:5    | +0 shadow dragon scales {rare}; a shadow dragon corpse
 65042 | Zot:5    | Noticed an ancient lich
 65045 | Zot:5    | Noticed a Killer Klown
 65045 | Zot:5    | Noticed a Killer Klown
 65046 | Zot:5    | Noticed a dread lich
 65049 | Zot:5    | Noticed a dread lich
 65051 | Zot:5    | Killed an ancient lich
 65052 | Zot:5    | Noticed a Killer Klown
 65058 | Zot:5    | Killed a dread lich
 65060 | Zot:5    | Killed a dread lich
 65062 | Zot:5    | Killed a Killer Klown
 65062 | Zot:5    | Killed a Killer Klown
 65063 | Zot:5    | Reached skill level 26 in Fighting
 65072 | Zot:5    | Killed a Killer Klown
 65072 | Zot:5    | Noticed an ancient lich
 65092 | Zot:5    | Killed an ancient lich
 65130 | Zot:5    | Noticed a dread lich
 65140 | Zot:5    | Killed a dread lich
 65505 | Zot:5    | Reached skill level 27 in Fighting
 65546 | Zot:5    | Reached XP level 26. HP: 266/266 MP: 28/29
 65560 | Zot:5    | Got the Orb of Zot
 65805 | Zot:2    | Noticed Ostrun the pandemonium lord
 66382 | D:$      | Escaped with the Orb!

Vanquished Creatures
  9 dread liches
  3 orbs of fire
  4 ancient liches
  2 juggernauts (Depths:3)
  Sojobo (Depths:4)
  3 Killer Klowns (Zot:5)
  A curse toe (Zot:1)
  13 golden dragons
  A bone dragon (Depths:4)
  2 electric golems
  A doom hound (Zot:4)
  19 tentacled monstrosities
  A walking crystal tome (Depths:3)
  16 Orb Guardians
  Zenata (Elf:2)
  Grunn (Zot:4)
  2 deep elf blademasters
  7 titans
  2 liches
  4 quicksilver dragons
  2 deep elf master archers (Elf:3)
  6 sphinxes
  11 death cobs
  An ancient champion (Vaults:2)
  10 shadow dragons
  7 tengu reavers
  12 storm dragons
  6 nagarajas
  4 draconian monks
  11 frost giants
  12 deep elf sorcerers
  8 draconian knights
  13 vault wardens
  4 fire giants
  3 ghost moths
  2 iron dragons
  4 draconian scorchers
  7 draconian shifters
  6 deep elf elementalists
  2 draconian stormcallers
  A cacodemon (Depths:2)
  2 reapers (IceCv)
  6 spriggan defenders
  An orc warlord (Vaults:4)
  2 Killer Klown zombies (Zot:5)
  2 war gargoyles
  14 ironbound preservers
  A vampire knight (Depths:4)
  4 draconian annihilators
  7 green draconians
  22 very ugly things
  5 ironbound thunderhulks
  16 stone giants
  5 deep elf demonologists
  14 purple draconians
  A minotaur (Gauntlet)
  7 white draconians
  3 dire elephants (Vaults:3)
  16 deep elf annihilators
  5 spark wasps
  12 black draconians
  7 red draconians
  7 yellow draconians
  7 merfolk impalers
  5 deep elf death magi
  12 ettins
  A green death (Zot:5)
  A crystal guardian (Vaults:3)
  A merfolk javelineer (Shoals:4)
  6 fire dragons
  2 blizzard demons
  7 yaktaur captains
  2 jiangshi (Depths:2)
  8 deep elf high priests
  14 vault guards
  9 hydras
  9 rakshasas
  3 salamander tyrants
  A peacekeeper (Vaults:3)
  6 spriggan air magi
  7 ice dragons
  4 ogre magi
  10 centaur warriors
  4 merfolk avatars
  2 caustic shrike simulacra (IceCv)
  2 Orb Guardian zombies (Zot:5)
  A sphinx zombie (Vaults:1)
  12 ironbound frosthearts
  5 anacondas
  22 dancing weapons
  8 two-headed ogres
  A death knight (Vaults:2)
  Erica (Orc:1)
  An alligator snapping turtle (Shoals:2)
  A satyr (Shoals:4)
  3 boulder beetles
  9 naga warriors
  5 tengu warriors
  3 vampire magi
  2 death yaks
  4 deep troll earth magi
  4 deep troll shamans
  15 naga sharpshooters
  5 occultists
  2 shock serpents
  4 soul eaters (Depths:2)
  14 deep elf knights
  A thrashing horror (Abyss:3)
  2 fire crabs (Shoals:3)
  4 hell knights
  A spriggan berserker (Depths:3)
  2 storm dragon zombies
  A sun demon (Depths:2)
  A wretched star (Gauntlet)
  3 iron trolls
  A salamander mystic (Snake:4)
  4 skysharks
  A spark wasp zombie (Depths:3)
  2 shadow wraiths
  3 flayed ghosts
  4 naga ritualists
  4 sea snakes
  A shadow demon (Zot:3)
  A bog body (IceCv)
  4 orc knights
  12 deep elf archers
  17 ironbound convokers
  5 lindwurms
  2 obsidian statues
  Pikel (D:6)
  36 deep trolls
  6 spriggan simulacra
  3 necromancers
  4 phantasmal warriors
  7 arcanists
  44 deep elf pyromancers
  A lindwurm (shapeshifter) (Vaults:5)
  25 deep elf zephyrmancers
  12 harpies
  A wolf spider (D:15)
  9 mana vipers
  3 tengu skeletons
  23 ugly things
  3 stone giant zombies
  2 frost giant zombies
  3 fauns
  A cyclops (D:12)
  8 orc sorcerers
  13 manticores
  25 moths of wrath
  9 salamanders
  A manticore (shapeshifter) (Depths:2)
  28 black mambas
  15 elephants
  9 naga magi
  3 merfolk sirens
  14 vault sentinels
  11 cane toads
  2 apocalypse crabs (Shoals:2)
  3 molten gargoyles (Lair:5)
  3 rust devils
  2 guardian serpents
  A torpor snail (Lair:4)
  An orange demon (Depths:2)
  4 gargoyles
  2 unseen horrors
  10 komodo dragons
  A komodo dragon (shapeshifter) (D:14)
  2 kobold demonologists
  4 ice devils
  8 freezing wraiths
  A minotaur zombie (Gauntlet)
  2 tormentors (Depths:2)
  19 yaktaurs
  An anaconda simulacrum (Shoals:2)
  A tengu conjurer (Depths:2)
  A red devil (Depths:2)
  30 merfolk
  12 trolls
  9 hornets
  3 meliai (D:15)
  A hellwing (Depths:2)
  3 polar bears
  2 alligator simulacra (IceCv)
  3 wind drakes (Shoals:2)
  4 snapping turtles
  Grinder (D:6)
  5 blink frogs
  An ugly thing zombie (Vaults:5)
  An ettin zombie (Vaults:2)
  An ice dragon zombie (Depths:3)
  4 spriggans
  2 satyr zombies (Shoals:4)
  3 slime creatures (Lair:4)
  9 dream sheep
  3 shadows (D:10)
  2 ynoxinuls (Depths:2)
  3 dire elephant simulacra
  An elf zombie (Elf:3)
  3 wraiths
  6 fire bats
  A vampire (Bailey)
  10 water elementals
  11 wyverns
  5 basilisks
  31 yaks
  21 fire elementals
  An elf skeleton (Vaults:2)
  4 steam dragons
  12 vampire mosquitoes
  A chaos spawn (Depths:2)
  A neqoxec (Gauntlet)
  14 wargs
  2 minotaur simulacra
  Edmund (D:4)
  19 nagas
  2 harpy simulacra
  An acid dragon (D:10)
  A merfolk zombie (Shoals:4)
  A glowing shapeshifter zombie (Vaults:4)
  A tengu zombie (Depths:1)
  10 water moccasins
  12 hell hounds
  An ice beast (D:7)
  19 orc warriors
  2 black bears
  6 sky beasts
  5 ogres
  21 wolves
  7 centaurs
  A phantom (D:6)
  4 lemures (D:6)
  6 kobold brigands
  3 human zombies
  16 bullfrogs
  An earth elemental (Elf:3)
  5 deep troll simulacra (IceCv)
  A scorpion (D:5)
  2 gnoll sergeants
  20 wights
  14 killer bees
  3 lindwurm simulacra
  A howler monkey (D:7)
  6 vampire bats (Bailey)
  8 electric eels
  8 wolf zombies (Bailey)
  5 lava snakes (Lair:5)
  3 hounds (D:5)
  4 jellies
  15 orc priests
  3 gnoll boudas
  2 sleepcaps
  Jessica (D:2)
  2 iguanas
  40 orc wizards
  23 gnolls
  9 adders
  A shadow imp (Gauntlet)
  4 white imps
  2 ufetubi (D:6)
  A worm (D:4)
  4 dart slugs
  63 orcs
  3 ball pythons
  7 bats
  6 endoplasms
  2 giant cockroaches
  9 goblins
  5 hobgoblins
  5 jackals
  18 kobolds
  2 quokkas
  3 frilled lizards
  21 orc zombies
  3 rats
  2 spectral weapons (Depths:3)
1795 creatures vanquished.

Vanquished Creatures (collateral kills)
  A dread lich (Zot:5)
  Mara (Depths:3)
  Frederick (Depths:3)
  A curse toe (Zot:4)
  Saint Roka (Vaults:5)
  the Enchantress (Depths:3)
  A doom hound (Zot:4)
  2 walking crystal tomes (Depths:3)
  2 titans
  4 quicksilver dragons
  11 Orb Guardians (Zot:5)
  5 storm dragons
  2 shadow dragons
  A tengu reaver (Vaults:3)
  3 nagarajas (Snake:4)
  A frost giant (Vaults:5)
  3 vault wardens
  A ghost moth (Zot:5)
  5 ironbound preservers
  2 spriggan defenders (Depths:3)
  A war gargoyle (Vaults:5)
  A draconian annihilator (Zot:1)
  2 very ugly things
  3 stone giants
  An ironbound thunderhulk (Vaults:2)
  2 vampire knights (Depths:3)
  A deep elf annihilator (Elf:3)
  4 dire elephants (Vaults:3)
  A yellow draconian (Zot:1)
  2 white draconians
  A spark wasp (Depths:3)
  2 merfolk javelineers
  4 ettins
  4 yaktaur captains
  2 deep elf high priests
  2 merfolk impalers
  12 vault guards (Vaults:5)
  An ice dragon (Depths:2)
  3 anacondas (Snake:3)
  A spriggan air mage (Depths:4)
  3 merfolk avatars
  4 ironbound frosthearts
  4 two-headed ogres (Vaults:5)
  2 dancing weapons
  An alligator snapping turtle (Shoals:4)
  2 naga warriors (Snake:4)
  2 ogre magi
  4 deep troll earth magi
  A satyr (Shoals:4)
  2 death yaks (Lair:5)
  A shock serpent (Snake:4)
  A deep elf knight (Elf:2)
  2 hell knights (Depths:2)
  2 skysharks (Shoals:3)
  2 iron trolls (Depths:4)
  17 deep trolls
  A naga ritualist (Snake:4)
  5 sea snakes
  A flayed ghost (Depths:3)
  3 orc knights (Vaults:5)
  A deep elf pyromancer (Volcano)
  3 harpies
  An iron dragon zombie (Vaults:2)
  A deep elf zephyrmancer (Elf:1)
  A wolf spider (Vaults:5)
  2 ugly things
  2 ironbound convokers (Vaults:3)
  4 manticores (Shoals:4)
  2 salamanders (Snake:3)
  A faun (Shoals:4)
  3 moths of wrath
  A black mamba (Snake:3)
  4 merfolk sirens
  2 naga magi
  A water nymph (Shoals:4)
  3 vault sentinels (Vaults:5)
  8 yaktaurs
  A freezing wraith (Vaults:3)
  A wind drake (Shoals:4)
  6 merfolk
  4 hornets
  A snapping turtle (Shoals:4)
  3 blink frogs (Lair:4)
  A stone giant simulacrum (Depths:1)
  4 spriggans (Depths:3)
  3 water elementals (Shoals:4)
  A fire bat (Shoals:3)
  3 nagas
  A warg (Vaults:5)
  A bullfrog (Lair:4)
  2 orc wizards (Vaults:5)
  7 orcs (Vaults:5)
  5 foxfires
243 creatures vanquished.

Vanquished Creatures (others)
  A sphinx (Vaults:2)
  The ghost of Gemnupib the Pyromancer, an adept DEFE of Vehumet (Elf:2)
  2 nagarajas (Snake:4)
  2 fire giants
  A draconian knight (Zot:1)
  3 vault wardens
  3 formless jellyfish
  An ironbound thunderhulk (Vaults:1)
  A Killer Klown zombie (Zot:5)
  3 very ugly things (Vaults:5)
  A stone giant (Depths:1)
  A dire elephant (Vaults:3)
  11 very ugly thing zombies
  3 merfolk impalers (Shoals:4)
  A merfolk javelineer (Shoals:4)
  A yaktaur captain (Vaults:4)
  13 great orbs of eyes
  2 salamander tyrants (Snake:4)
  4 vault guards (Vaults:5)
  An ironbound frostheart (Vaults:4)
  A centaur warrior (Vaults:1)
  3 sphinx zombies (Vaults:5)
  A boulder beetle (D:14)
  2 merfolk aquamancers
  2 dancing weapons
  A satyr (Shoals:4)
  A demigod zombie (Depths:3)
  3 naga sharpshooters (Snake:4)
  3 titan zombies (Vaults:5)
  2 hell knights (Depths:2)
  A skyshark (shapeshifter) (Vaults:5)
  2 spark wasp zombies (Depths:3)
  A storm dragon zombie (Zot:4)
  A golden dragon zombie (Zot:5)
  2 glowing orange brains
  An ogre zombie (Vaults:2)
  2 sea snakes (Shoals:4)
  2 deep trolls
  2 ghost moth zombies
  A lindwurm (Vaults:4)
  An arcanist (Vaults:4)
  A naga ritualist (Snake:4)
  3 ironbound convokers
  A deep elf zephyrmancer (Elf:1)
  A deep elf pyromancer (Elf:1)
  A necromancer (Vaults:2)
  2 shadow dragon zombies
  3 ugly thing zombies
  A shining eye (Shoals:2)
  4 ugly things
  A fire giant zombie (Depths:3)
  3 draconian zombies
  2 frost giant zombies
  A gnoll zombie (Zot:4)
  A cyclops (D:12)
  A salamander (Snake:4)
  2 stone giant zombies
  2 fauns (Shoals:4)
  2 manticores (Shoals:4)
  A moth of wrath (Zot:2)
  12 naga zombies (Snake:4)
  2 black mambas (Snake:4)
  3 dire elephant zombies (Vaults:3)
  An orange demon (Depths:2)
  2 naga magi (Snake:4)
  A gargoyle (D:13)
  A komodo dragon (D:12)
  6 yaktaurs
  2 white draconian zombies
  A spriggan zombie (Depths:2)
  A yaktaur (shapeshifter) (Vaults:5)
  A yellow draconian zombie (Zot:4)
  A black draconian zombie (Zot:1)
  An iron troll zombie (Depths:4)
  A purple draconian zombie (Zot:4)
  3 sea snake zombies (Shoals:4)
  A mana viper zombie (Snake:4)
  3 harpy zombies (Shoals:4)
  A merfolk (Shoals:4)
  2 wind drakes
  A snapping turtle (shapeshifter) (D:15)
  3 moth of wrath zombies
  A glass eye (Depths:1)
  2 ice dragon zombies (Depths:2)
  5 merfolk zombies
  A satyr zombie (Shoals:4)
  3 ettin zombies
  16 slime creatures
  A spriggan (Depths:4)
  3 black mamba zombies
  A water elemental (D:13)
  A vampire (D:13)
  A wraith (D:12)
  A minotaur simulacrum (Shoals:2)
  A water nymph zombie (Shoals:4)
  6 nagas (Snake:4)
  17 deep troll zombies
  A faun zombie (Shoals:4)
  2 tengu zombies (Depths:2)
  15 elf zombies
  An ogre (Orc:2)
  3 yaktaur zombies
  28 human zombies
  3 scorpions (D:11)
  2 warg zombies (Vaults:5)
  2 troll zombies (Vaults:5)
  3 electric eels (D:13)
  2 orc priests (Orc:1)
  309 jellies
  3 orc wizards
  A white imp (Vaults:3)
  15 orcs
  3 bats (D:11)
  14 orc zombies (Vaults:5)
  442 foxfires
1083 creatures vanquished.

Grand Total: 3121 creatures vanquished

Table legend:
 A = Non-vault XP
 B = Vault XP
 C = Vault XP percentage of total XP
 D = Non-vault monster count
 E = Vault monster count
 F = Vault count percentage of total count
                 A         B        C        D         E       F
            +---------+---------+-------+---------+---------+-------
      Total |  639801 |  681228 |  51.6 |    1194 |     835 |  41.2
            +---------+---------+-------+---------+---------+-------
        D:1 |      39 |       0 |   0.0 |      19 |       0 |   0.0
        D:2 |      35 |      37 |  51.4 |      13 |       1 |   7.1
        D:3 |      57 |       4 |   6.6 |       7 |       2 |  22.2
        D:4 |     251 |     290 |  53.6 |      23 |       2 |   8.0
        D:5 |     619 |       0 |   0.0 |      24 |       0 |   0.0
        D:6 |     375 |     913 |  70.9 |      13 |       2 |  13.3
        D:7 |    1100 |      71 |   6.1 |      25 |       2 |   7.4
        D:8 |    2693 |    1392 |  34.1 |      29 |      14 |  32.6
        D:9 |    4590 |       8 |   0.2 |      40 |       4 |   9.1
       D:10 |    3744 |    1327 |  26.2 |      27 |       7 |  20.6
       D:11 |    1988 |      44 |   2.2 |       6 |       6 |  50.0
       D:12 |    3717 |     635 |  14.6 |      10 |      13 |  56.5
       D:13 |    1761 |    2145 |  54.9 |       4 |       3 |  42.9
       D:14 |    3751 |    5911 |  61.2 |      12 |       9 |  42.9
       D:15 |    9022 |    3947 |  30.4 |      24 |       5 |  17.2
     Lair:1 |    3670 |       0 |   0.0 |      14 |       0 |   0.0
     Lair:2 |    2792 |    4112 |  59.6 |       9 |      15 |  62.5
     Lair:3 |    7298 |    1627 |  18.2 |      29 |       5 |  14.7
     Lair:4 |   10196 |    1123 |   9.9 |      38 |       6 |  13.6
     Lair:5 |   13604 |    8886 |  39.5 |      39 |      27 |  40.9
   Shoals:1 |    6982 |     209 |   2.9 |      17 |       1 |   5.6
   Shoals:2 |   18089 |    2617 |  12.6 |      32 |      10 |  23.8
   Shoals:3 |   15325 |    4863 |  24.1 |      32 |      10 |  23.8
   Shoals:4 |   12231 |   16821 |  57.9 |      23 |      26 |  53.1
    Snake:1 |   15726 |       0 |   0.0 |      34 |       0 |   0.0
    Snake:2 |    9247 |       0 |   0.0 |      17 |       0 |   0.0
    Snake:3 |   14316 |    8245 |  36.5 |      25 |      11 |  30.6
    Snake:4 |   11241 |   22077 |  66.3 |      21 |      30 |  58.8
      Orc:1 |    2065 |     767 |  27.1 |      25 |       4 |  13.8
      Orc:2 |    8152 |    7970 |  49.4 |      29 |      48 |  62.3
      Elf:1 |   22784 |    4719 |  17.2 |      37 |       8 |  17.8
      Elf:2 |   12045 |   24144 |  66.7 |      19 |      31 |  62.0
      Elf:3 |   15469 |   43871 |  73.9 |      24 |      40 |  62.5
   Vaults:1 |    9236 |   17890 |  66.0 |      13 |      24 |  64.9
   Vaults:2 |   28489 |   23310 |  45.0 |      43 |      31 |  41.9
   Vaults:3 |   13208 |   26839 |  67.0 |      19 |      34 |  64.2
   Vaults:4 |   26150 |   17782 |  40.5 |      34 |      21 |  38.2
   Vaults:5 |   36463 |  117991 |  76.4 |      55 |      99 |  64.3
   Depths:1 |   18822 |       0 |   0.0 |      26 |       0 |   0.0
   Depths:2 |   32416 |   33597 |  50.9 |      39 |      45 |  53.6
   Depths:3 |   31384 |   70858 |  69.3 |      37 |      52 |  58.4
   Depths:4 |   39752 |   26351 |  39.9 |      46 |      19 |  29.2
      Zot:1 |   51774 |   30605 |  37.2 |      42 |      23 |  35.4
      Zot:2 |   33973 |       0 |   0.0 |      30 |       0 |   0.0
      Zot:3 |   30739 |     505 |   1.6 |      25 |       1 |   3.8
      Zot:4 |   25459 |   28242 |  52.6 |      22 |      12 |  35.3
      Zot:5 |   26179 |   94184 |  78.2 |      22 |      38 |  63.3
    Abyss:3 |     783 |       0 |   0.0 |       1 |       0 |   0.0
     Bailey |       0 |    1476 | 100.0 |       0 |      36 | 100.0
      IceCv |       0 |   13419 | 100.0 |       0 |      31 | 100.0
    Volcano |       0 |    6093 | 100.0 |       0 |      17 | 100.0
   Gauntlet |       0 |    3311 | 100.0 |       0 |      10 | 100.0
            +---------+---------+-------+---------+---------+-------

Skill      XL: |  1  2  3  4  5  6  7  8  9 10 11 12 13 14 15 16 17 18 19 20 21 22 23 24 25 |
---------------+----------------------------------------------------------------------------+-----
Stealth        | 1 2 8 |  8.0
Spellcasting   | 2 6 10 | 10.0
Fire Magic     | 5 |  5.0
Fighting       | 4 7 8 10 11 12 14 16 17 18 20 22 23 27 | 27.0
Maces & Flails | 5 7 8 9 12 14 | 14.0
Evocations     | 4 8 |  8.0
Dodging        | 4 5 8 10 12 14 16 18 20 | 20.5
Shields        | 4 5 10 12 14 15 18 | 18.0
Translocations | 8 10 12 | 12.0
Necromancy     | 6 10 12 13 14 | 14.0
Hexes          | 2 5 |  5.0
Axes           | 9 16 | 16.0
Earth Magic    | 3 8 10 | 10.0
Transmutations | 2 4 |  4.0

Action                     |  1- 3 |  4- 6 |  7- 9 | 10-12 | 13-15 | 16-18 | 19-21 | 22-24 | 25-27 || total
---------------------------+-------+-------+-------+-------+-------+-------+-------+-------+-------++-------
  Melee: Mace              |    38 |    22 |       |       |       |       |       |       |       ||    60
         Tailslap          |     6 |     1 |    23 |   101 |   174 |   180 |   290 |   386 |   120 ||  1281
         Flail             |       |     8 |   182 |   698 |  1199 |  1196 |       |       |       ||  3283
         Punch             |       |     1 |     2 |       |       |       |       |       |       ||     3
         Falchion          |       |       |     4 |       |       |       |       |       |       ||     4
         Headbutt          |       |       |       |       |    27 |    84 |   392 |   540 |   158 ||  1201
         Pseudopods        |       |       |       |       |    93 |   226 |   407 |   554 |   154 ||  1434
         Kick              |       |       |       |       |    98 |   208 |    25 |   834 |    29 ||  1194
         War axe           |       |       |       |       |       |    93 |       |       |       ||    93
         Eveningstar       |       |       |       |       |       |    66 |   398 |   514 |   403 ||  1381
         Broad axe         |       |       |       |       |       |       |   853 |  1105 |    32 ||  1990
         Bite              |       |       |       |       |       |       |    69 |       |    59 ||   128
  Throw: Dart              |       |       |     4 |    13 |       |       |       |       |       ||    17
   Cast: Scorch            |    16 |    61 |    99 |   124 |    25 |       |       |       |       ||   325
         Foxfire           |       |       |    15 |    92 |   107 |       |       |       |       ||   214
         Manifold Assault  |       |       |       |       |   115 |   216 |    75 |    71 |    13 ||   490
         Animate Dead      |       |       |       |       |       |    12 |    14 |    18 |     8 ||    52
         Anguish           |       |       |       |       |       |    10 |    17 |    10 |     1 ||    38
         Apportation       |       |       |       |       |       |     4 |     5 |     2 |       ||    11
         Death Channel     |       |       |       |       |       |     6 |    26 |    28 |    10 ||    70
         Borgnjor's Vile C |       |       |       |       |       |       |     9 |    25 |    12 ||    46
         Wereblood         |       |       |       |       |       |       |     6 |    18 |     6 ||    30
         Vhi's Electric Ch |       |       |       |       |       |       |       |     5 |     4 ||     9
         Dispersal         |       |       |       |       |       |       |       |     1 |     1 ||     2
         Blink             |       |       |       |       |       |       |       |       |     1 ||     1
 Invoke: Foxfire Swarm     |     1 |       |     1 |     2 |     1 |       |       |       |       ||     5
         Fiery Armour      |       |       |       |     1 |     3 |       |       |       |       ||     4
         Slimify           |       |       |       |       |     1 |     1 |       |       |       ||     2
         Oozemancy         |       |       |       |       |       |     1 |     1 |     1 |     3 ||     6
  Evoke: Wand              |       |     5 |     3 |    14 |    27 |    22 |     1 |       |     2 ||    74
         Lightning rod     |       |       |       |       |     9 |    13 |     5 |     2 |       ||    29
         Condenser vane    |       |       |       |       |     2 |     3 |     2 |     4 |     1 ||    12
         Box of beasts     |       |       |       |       |       |       |       |     4 |     1 ||     5
         Phial of floods   |       |       |       |       |       |       |       |       |     1 ||     1
    Use: Potion            |     2 |       |       |     2 |     7 |     1 |       |     3 |    12 ||    27
         Scroll            |       |     6 |     4 |     7 |    12 |    15 |     5 |    11 |     4 ||    64
   Stab: Sleeping          |       |       |       |     1 |     2 |     4 |     7 |     1 |     1 ||    16
         Betrayed ally     |       |       |       |       |     2 |       |       |       |       ||     2
         Distracted        |       |       |       |       |     1 |     6 |    20 |    40 |    10 ||    77
         Confused          |       |       |       |       |       |     2 |    28 |     9 |     5 ||    44
 Armour: Skin              |    22 |    36 |   154 |   424 |   622 |   543 |   440 |   811 |   189 ||  3241
  Dodge: Dodged            |    22 |    24 |   131 |   433 |   856 |   633 |   471 |   888 |   208 ||  3666
         Repelled          |       |       |       |       |    15 |    43 |    15 |    54 |     7 ||   134
  Block: Kite shield       |       |       |     2 |     4 |   569 |   866 |   794 |  1248 |   297 ||  3780
         Buckler           |       |       |       |   196 |    61 |       |       |       |       ||   257
         Reflection        |       |       |       |     3 |       |    60 |    38 |    27 |       ||   128

Illustrated notes

Table legend:
 A = Kills in this place as a percentage of kills in the entire game.
 B = Kills by you in this place as a percentage of kills by you in the entire game.
 C = Kills by friends in this place as a percentage of kills by friends in the entire game.
 D = Other kills in this place as a percentage of other kills in the entire game.
 E = Experience gained in this place as a percentage of experience gained in the entire game.
 F = Experience gained in this place divided by the number of levels of this place that you have seen.
                   A       B       C       D       E      F
               +-------+-------+-------+-------+-------+----------------------
         Total | 100.0 | 100.0 | 100.0 | 100.0 | 100.0 | 22943.6
       Dungeon |  17.2 |  20.2 |   0.0 |   0.0 |   4.1 | 3607.7
          Lair |   8.9 |  10.1 |   2.5 |   0.0 |   4.0 | 10661.6
        Shoals |   7.4 |   5.5 |  16.0 |  27.9 |   5.8 | 19284.2
     Snake Pit |   6.8 |   6.7 |   8.4 |   3.3 |   6.1 | 20213.0
  Orcish Mines |   5.2 |   6.1 |   0.0 |   0.0 |   1.4 | 9477.0
   Elven Halls |   7.8 |   8.6 |   2.1 |   6.6 |   9.2 | 41010.7
        Vaults |  18.3 |  14.5 |  39.9 |  41.0 |  23.8 | 63471.6
        Depths |  12.9 |  11.9 |  19.3 |  18.0 |  19.0 | 63295.0
           Zot |  10.9 |  11.1 |  11.3 |   3.3 |  24.6 | 65542.4
         Abyss |   0.0 |   0.1 |   0.0 |   0.0 |   0.1 | 783.0
        Bailey |   1.8 |   2.1 |   0.0 |   0.0 |   0.1 | 1476.0
      Ice Cave |   1.5 |   1.8 |   0.0 |   0.0 |   1.0 | 13419.0
       Volcano |   0.8 |   0.9 |   0.4 |   0.0 |   0.5 | 6093.0
      Gauntlet |   0.5 |   0.6 |   0.0 |   0.0 |   0.2 | 3311.0
               +-------+-------+-------+-------+-------+----------------------

Table legend: (Time is in decaauts)
 A = Elapsed time spent in this place.
 B = Non-inter-level travel time spent in this place.
 C = Inter-level travel time spent in this place.
 D = Time resting spent in this place.
 E = Time spent auto-exploring this place.
 F = Levels seen in this place.
 G = Mean time per level.
                   A        B        C        D        E       F      G
               +--------+--------+--------+--------+--------+-----+--------+
         Total |  66018 |  58885 |   7133 |   8019 |  34588 |  58 | 1138.2 |
       Dungeon |  19671 |  16654 |   3017 |   3064 |  10203 |  15 | 1311.4 |
        Temple |      1 |      1 |      0 |      0 |      0 |   1 |    1.0 |
          Lair |  10372 |   9389 |    983 |   2221 |   5448 |   5 | 2074.4 |
        Shoals |   3933 |   3748 |    185 |    221 |   2474 |   4 |  983.2 |
     Snake Pit |   4901 |   4460 |    441 |    398 |   2887 |   4 | 1225.2 |
    Slime Pits |    277 |    187 |     90 |      0 |    105 |   5 |   55.4 |
  Orcish Mines |   2159 |   1702 |    457 |    148 |    847 |   2 | 1079.5 |
   Elven Halls |   3772 |   3432 |    340 |    295 |   1847 |   3 | 1257.3 |
        Vaults |   7025 |   6249 |    776 |     50 |   4459 |   5 | 1405.0 |
        Depths |   5561 |   5226 |    335 |    266 |   3447 |   4 | 1390.2 |
           Zot |   6436 |   5930 |    506 |    999 |   2312 |   5 | 1287.2 |
         Abyss |    137 |    137 |      0 |      0 |     36 |   1 |  137.0 |
        Bailey |    586 |    586 |      0 |     82 |    218 |   1 |  586.0 |
      Ice Cave |    484 |    484 |      0 |     83 |    127 |   1 |  484.0 |
       Volcano |    318 |    318 |      0 |     89 |     14 |   1 |  318.0 |
      Gauntlet |    379 |    379 |      0 |    100 |    163 |   1 |  379.0 |
               +--------+--------+--------+--------+--------+-----+--------+

Top non-repeatable levels by time:
  Lair:5: 2835 daAuts
   Zot:1: 2466 daAuts
     D:9: 2246 daAuts
  Lair:3: 2192 daAuts
  Lair:2: 2014 daAuts
  Lair:4: 2001 daAuts
 Snake:1: 1963 daAuts
     D:8: 1931 daAuts
Vaults:5: 1919 daAuts
    D:10: 1917 daAuts
     D:4: 1689 daAuts
Depths:3: 1688 daAuts
     D:6: 1565 daAuts
   Orc:2: 1544 daAuts
Vaults:1: 1515 daAuts
